Cogmind - Beta 16 @@@ ROGUE MODE // 2025.10.24 @ 08:38:27 Player: Dosh Result: Heading to fleet! Performance ------------- Evolutions (9) 4500 Regions Visited (30) 6000 Robots Destroyed (310) 1550 Value Destroyed (12311) 12311 Prototype IDs (88) 1760 Alien Tech Used (7) 1400 Bonus (21098) 21098 TOTAL SCORE: 48619 Bonus ------- Triggered Max Security 2000 High Alert Combat Kills 7215 Follower Combat Kills 194 Aligned with FarCom 300 Met Data Miner 300 Used Core Reset Matrix 3000 Hacked Protovariant 500 Integrated Exoskeleton 5000 Win 3000 Friendly Fire -411 Cogmind --------- Core Integrity 663/1600 Matter 425/425 Energy 448/450 System Corruption 8% Temperature Cool (0) Movement Walking (30) Location To Fleet Rendezvous Parts ------- > --- POWER (1) -------- Improved Quantum Reactor > --- PROPULSION (3) --- Sigix Exoskeleton > --- UTILITY (5) ------ Experimental Targeting Computer Experimental Core Analyzer Experimental Core Analyzer Advanced Reaction Control System Graphene Brace > --- WEAPON (2) ------- Sigix Shearcannon > --- INVENTORY (7) ---- Backup Power VII Structural Scanner Advanced Component Analysis Suite Advanced Trap Extractor (3/8 Shock) Sigix Sheargun Sigix Sheargun Peak State ------------ > --- POWER ------------ Improved Quantum Reactor > --- PROPULSION ------- Sigix Exoskeleton > --- UTILITY ---------- Experimental Targeting Computer Experimental Core Analyzer Experimental Core Analyzer Advanced Reaction Control System Graphene Brace > --- WEAPON ----------- Sigix Shearcannon > --- INVENTORY -------- Backup Power VII Structural Scanner Advanced Component Analysis Suite Advanced Trap Extractor Sigix Sheargun Sigix Sheargun [Rating: 244] Favorites ----------- Power Light Deuterium Engine Engine Light Deuterium Engine Power Core Enhanced Nuclear Core Reactor Improved Quantum Reactor Propulsion Cooled VTOL Module Treads Light Treads Leg Sigix Exoskeleton Wheel Wheel Flight Unit Cooled VTOL Module Utility Hacking Suite Device Improved Sensor Array Storage High-capacity Storage Unit Processor Improved Signal Interpreter Hackware Hacking Suite Protection Light Armor Plating Weapon Light Cannon Energy Gun Particle Gun Energy Cannon Sigix Shearcannon Ballistic Gun Heavy Assault Rifle Ballistic Cannon Light Cannon Launcher Grenade Launcher Special Weapon Welding Torch Slashing Weapon Ripper Piercing Weapon CR-A16's Pointy Stick Special Melee Weapon Improved Datajack Build | -11 -10 -10 -10 -9 -8 -7 -7 -7 -7 -7 -7 -6 -6 -6 -6 -6 -6 -6 -5 -5 -5 -5 -5 -4 -3 -3 -2 -2 -2 -1 ------- Run | Yrd Mat Min Exi Min Mat Fac Was Fac Low Low Zio Pro Fac Was Fac Low Low Dat Pro Fac Was Fac Ext Fac Res Tes Res Qua Sec Acc Slots Evolved 18 | . . . . . 4 2 . . . . . . 2 . . . . . . 2 . . . 2 2 . 2 . . 2 Power 1 | . . . . . . . . . . . . . . . . . . . . . . . . 1 . . . . . . Propulsion 7 | . . . . . 2 1 . . . . . . . . . . . . . 1 . . . . 1 . 2 . . . Utility 10 | . . . . . 2 1 . . . . . . 2 . . . . . . 1 . . . 1 1 . . . . 2 Weapon . | . . . . . . . . . . . . . . . . . . . . . . . . . . . . . . . Parts Attached 174 | 4 7 9 2 2 23 8 . 20 1 2 1 1 25 1 4 1 . 1 . 9 2 9 2 9 6 7 4 . 9 5 Power 24 | 1 . 2 . 1 5 . . 3 . . . . 3 . 1 . . . . 2 . . . 2 . . 1 . 3 . Engine 13 | 1 . 2 . 1 3 . . 2 . . . . 2 . 1 . . . . 1 . . . . . . . . . . Core 8 | . . . . . 2 . . 1 . . . . 1 . . . . . . 1 . . . 2 . . . . 1 . Reactor 3 | . . . . . . . . . . . . . . . . . . . . . . . . . . . 1 . 2 . Propulsion 42 | 2 . 1 . 1 6 2 . 4 . 1 . . 4 . . 1 . . . . 2 6 . 3 2 3 2 . 2 . Treads 7 | 2 . 1 . . 4 . . . . . . . . . . . . . . . . . . . . . . . . . Leg . | . . . . . . . . . . . . . . . . . . . . . . . . . . . . . . . Wheel 3 | . . . . 1 2 . . . . . . . . . . . . . . . . . . . . . . . . . Hover . | . . . . . . . . . . . . . . . . . . . . . . . . . . . . . . . Flight 32 | . . . . . . 2 . 4 . 1 . . 4 . . 1 . . . . 2 6 . 3 2 3 2 . 2 . Utility 79 | 1 2 1 1 . 7 4 . 10 1 . . . 16 1 3 . . 1 . 6 . 3 2 4 4 3 1 . 3 5 Device 25 | . . . . . 3 1 . 2 . . . . 7 . 1 . . . . 3 . 1 2 1 2 . . . 1 1 Storage 5 | 1 1 . 1 . . . . 2 . . . . . . . . . . . . . . . . . . . . . . Processor 13 | . . . . . . . . 2 . . . . 3 1 . . . . . . . . . . . 1 . . 2 4 Hackware 16 | . . . . . 1 3 . . . . . . 4 . 2 . . . . 1 . 2 . 1 . 1 1 . . . Protection 20 | . 1 1 . . 3 . . 4 1 . . . 2 . . . . 1 . 2 . . . 2 2 1 . . . . Artifact . | . . . . . . . . . . . . . . . . . . . . . . . . . . . . . . . Weapon 29 | . 5 5 1 . 5 2 . 3 . 1 1 1 2 . . . . . . 1 . . . . . 1 . . 1 . Energy Gun 4 | . 1 1 . . . . . 2 . . . . . . . . . . . . . . . . . . . . . . Energy Cannon 2 | . . . . . . . . . . . . . . . . . . . . . . . . . . 1 . . 1 . Ballistic Gun 5 | . . 1 . . 4 . . . . . . . . . . . . . . . . . . . . . . . . . Ballistic Cannon 2 | . 2 . . . . . . . . . . . . . . . . . . . . . . . . . . . . . Launcher 5 | . . 2 . . 1 . . 1 . . . 1 . . . . . . . . . . . . . . . . . . Special Weapon 3 | . 2 1 . . . . . . . . . . . . . . . . . . . . . . . . . . . . Impact Weapon . | . . . . . . . . . . . . . . . . . . . . . . . . . . . . . . . Slashing Weapon 3 | . . . . . . 1 . . . 1 . . 1 . . . . . . . . . . . . . . . . . Piercing Weapon 1 | . . . . . . . . . . . 1 . . . . . . . . . . . . . . . . . . . Special Melee Weapon 4 | . . . 1 . . 1 . . . . . . 1 . . . . . . 1 . . . . . . . . . . Unidentified Prototypes 18 | . . . . . 1 1 . 6 . . . . 1 . . . . . . . . . . . 1 . . . 8 . Parts Lost 50 | . . 5 . 2 4 . . 2 . . . 1 9 . . 1 . . 3 5 . 6 . 7 . . 2 . 3 . Power 10 | . . 2 . . 2 . . . . . . . 1 . . . . . 1 . . . . 2 . . 1 . 1 . Propulsion 17 | . . 1 . 1 . . . . . . . 1 2 . . 1 . . . 2 . 4 . 3 . . 1 . 1 . Utility 16 | . . 1 . . 2 . . 2 . . . . 5 . . . . . 1 3 . 1 . 1 . . . . . . Weapon 7 | . . 1 . 1 . . . . . . . . 1 . . . . . 1 . . 1 . 1 . . . . 1 . Highest Loss Streak 5 | . . 4 . 1 2 . . 1 . . . 1 2 . . 1 . . 3 5 . 4 . 3 . . 2 . 2 . To Critical Strikes . | . . . . . . . . . . . . . . . . . . . . . . . . . . . . . . . Average Backups 7 | . 7 11 11 12 12 3 3 3 5 4 4 5 4 5 5 4 4 4 4 4 5 4 4 4 3 4 3 4 5 6 Power . | . 1 . . . . . . . . . . . . . . . . . . . 1 . . . . . . . . 1 Propulsion . | . . . . 1 1 . 1 1 1 . . . . 1 1 . . . . . . . . . . 1 . . . . Utility 3 | . 1 3 6 6 6 2 2 2 3 2 3 3 2 3 3 3 3 3 3 2 3 4 3 3 3 2 2 3 3 3 Weapon 2 | . 2 5 5 4 2 . . . 1 1 1 2 1 1 1 1 . 1 1 1 1 . 1 . . . . . 1 2 Tool/Special . | . . . . . . . . . . . . . . . . . . . . . . . . . . . . . . . Unused Backups 18 | . 1 . . . 2 2 . 1 . 1 . . 1 . . . . 1 . 1 . 1 . . . 3 . . 4 . Power 4 | . . . . . . . . . . . . . . . . . . . . . . 1 . . . 2 . . 1 . Propulsion 1 | . . . . . . . . 1 . . . . . . . . . . . . . . . . . . . . . . Utility 7 | . . . . . 2 1 . . . 1 . . . . . . . 1 . . . . . . . . . . 2 . Weapon 4 | . . . . . . 1 . . . . . . 1 . . . . . . 1 . . . . . 1 . . . . Tool/Special 2 | . 1 . . . . . . . . . . . . . . . . . . . . . . . . . . . 1 . Average Slot Usage (%) 89 | . 94 99 100 99 89 70 76 77 100 92 92 91 91 100 100 99 100 100 97 78 84 87 86 81 76 85 90 91 80 69 Engine 6 | . 14 14 14 14 5 7 7 3 . . . . 2 . . 6 6 6 5 . 5 4 . 3 . . . . . . Core 2 | . . . . . 3 . . 3 7 7 7 7 3 6 5 . . . . 4 . . 5 5 9 9 7 4 4 . Treads 11 | . 27 27 28 27 24 1 . . . . . . . . . . . . . . . . . . . . . . . . Wheel 1 | . . . . . 10 . . . . . . . . . . . . . . . . . . . . . . . . . Flight 13 | . . . . . . 8 15 17 38 37 38 37 29 33 33 32 33 33 33 23 19 26 29 20 18 20 29 30 19 . Device 5 | . . . . . 5 6 7 8 7 7 7 7 8 6 6 6 6 2 5 7 11 11 9 10 10 14 8 8 8 15 Storage 5 | . 14 14 14 14 9 . . . . . . . . . . . . . . . . . . . . . . . . . Processor 3 | . . . . . . . . 1 . . . . 13 9 8 6 6 6 6 5 5 5 5 5 4 4 4 4 9 26 Hackware 10 | . . . . . 1 28 30 21 15 15 15 15 14 20 23 26 26 26 26 20 23 23 23 21 19 19 20 21 13 . Protection 8 | . 11 14 14 14 11 . . 4 15 7 7 6 5 9 6 6 6 10 6 4 5 3 5 6 9 8 8 8 4 . Ballistic Gun 2 | . . 2 . . 14 1 . . . . . . . . . . . . . . . . . . . . . . . . Ballistic Cannon 5 | . 15 10 15 27 1 . . . . . . . . . . . . . . . . . . . . . . . . . Launcher 1 | . . 11 . . 1 . . . . . . . . . . . . . . . . 2 . 3 . . . . . . Slashing Weapon 2 | . . . . . . 6 7 6 7 7 . . 5 6 6 6 6 6 6 5 5 5 5 4 4 4 4 4 2 . Special Melee Weapon 2 | . . . 12 . . 6 7 7 7 7 7 6 4 6 6 6 5 6 5 2 5 . . . . . . . . . Peak Build Rating 244 | 4 8 11 18 18 38 59 59 65 57 57 53 53 64 64 66 66 66 70 65 64 76 79 87 99 112 129 143 144 228 244 Average Rating 54 | 3 7 8 14 17 32 54 59 60 56 50 52 52 55 61 62 64 65 68 63 57 61 71 84 90 107 122 140 143 171 241 On Entrance 66 | . 4 8 11 18 16 34 59 59 57 57 51 53 43 64 61 66 65 65 69 54 56 76 79 86 86 109 129 142 144 228 Avg Prop Armor Cover (%) 4 | . . . . 8 6 . . . . 1 1 1 3 . . . . . 9 5 . 5 . . . . 11 1 6 . Naked Turns . | . . . . . . . . . . . . . . . . . . . . . . . . . . . . . . . Heaviest Build 87 | 8 32 34 54 54 87 8 8 27 27 27 20 20 30 19 18 18 24 32 18 23 13 19 10 35 30 33 48 48 54 45 Greatest Support 82 | 40 40 40 40 40 82 55 55 56 29 31 23 23 27 26 34 34 34 34 26 28 30 34 40 42 53 53 62 66 63 60 Greatest Overweight (x) 10 | . . . 1 5 8 . . 1 . . . . 1 . . . . 1 . 3 . . . . . . 10 . . . Average Overweight (x) . | . . . . 1 1 . . . . . . . . . . . . . . . . . . . . . . . . . Largest Inventory Capacity 20 | 8 15 15 20 20 20 20 5 5 5 5 5 5 5 5 5 5 5 5 5 5 5 5 5 5 5 5 5 5 7 7 Average Capacity 10 | 7 10 15 17 20 20 5 5 5 5 5 5 5 5 5 5 5 5 5 5 5 5 5 5 5 5 5 5 5 5 7 Most Carried 20 | 1 10 15 20 20 20 20 5 5 5 5 5 5 5 5 5 5 5 5 4 5 5 5 5 5 5 5 5 5 7 7 Average Carried 9 | . 7 11 15 19 19 5 5 4 4 4 4 4 4 4 5 4 4 4 4 4 5 4 4 4 3 4 3 4 5 6 Final Capacity 20 | 8 15 15 20 20 20 5 5 5 5 5 5 5 5 5 5 5 5 5 5 5 5 5 5 5 5 5 5 5 7 7 Final Carried 20 | 1 10 11 20 20 20 5 5 5 5 4 5 5 5 5 5 4 5 4 4 5 5 5 4 5 5 4 3 5 7 6 Class Distribution -------------------- 38% | Mutant 20% | Hacker-Sprinter 16% | Hacker-Scout 9% | Hacker-Mutant 6% | Scavenger-Mutant 4% | Alien-Sigix Dominant Class ---------------- Mutant | -10/Materials Mutant | -10/Mines Mutant | -10/Exiles Mutant | -9/Mines Mutant | -8/Materials Hacker-Mutant | -7/Factory Hacker-Mutant | -7/Waste Hacker-Mutant | -7/Factory Hacker-Sprinter | -7/Lower Caves Hacker-Sprinter | -7/Lower Caves Hacker-Sprinter | -7/Zion Hacker-Sprinter | -6/Proximity Caves Hacker-Scout | -6/Factory Hacker-Sprinter | -6/Waste Hacker-Sprinter | -6/Factory Hacker-Sprinter | -6/Lower Caves Hacker-Sprinter | -6/Lower Caves Hacker-Mutant | -6/Data Miner Hacker-Sprinter | -5/Proximity Caves Hacker-Scout | -5/Factory Hacker-Scout | -5/Waste Hacker-Scout | -5/Factory Hacker-Sprinter | -5/Extension Hacker-Sprinter | -4/Factory Hacker-Sprinter | -3/Research Hacker-Scout | -3/Testing Wizard-Scout | -2/Research Wizard-Scout | -2/Quarantine Wizard-Scout | -2/Section 7 Alien-Sigix | -1/Access Resources | -11 -10 -10 -10 -9 -8 -7 -7 -7 -7 -7 -7 -6 -6 -6 -6 -6 -6 -6 -5 -5 -5 -5 -5 -4 -3 -3 -2 -2 -2 -1 ----------- Run | Yrd Mat Min Exi Min Mat Fac Was Fac Low Low Zio Pro Fac Was Fac Low Low Dat Pro Fac Was Fac Ext Fac Res Tes Res Qua Sec Acc Matter Collected 4780 | 240 215 263 . 274 992 82 . 405 . 40 20 . 809 . 63 46 53 . . 142 . 178 . 135 156 116 168 . 240 143 Remotely . | . . . . . . . . . . . . . . . . . . . . . . . . . . . . . . . Salvage Created 13463 | . 456 17 . 297 1314 102 . 516 21 . . 24 1538 . 261 68 22 . . 436 . 83 . 310 170 . 28 . 388 7412 Parts 605 | . 35 6 . 25 65 1 . 37 1 . . . 82 . 7 4 2 . . 26 . 9 . 18 13 . 1 . 27 246 Haulers Intercepted 18 | . 2 . . . 6 1 . . . . . . 5 . 2 . . . . . . . . 1 . . . . . 1 Recyclers Shooed 4 | . . . . . 1 1 . . . . . . . . . . . . . . . . . 1 . . . . . 1 Parts Field Recycled . | . . . . . . . . . . . . . . . . . . . . . . . . . . . . . . . Retrieved Matter . | . . . . . . . . . . . . . . . . . . . . . . . . . . . . . . . Parts Self-Destructed 9 | . . . . . . . . . 1 3 . . . . . 4 1 . . . . . . . . . . . . . Prevented 3 | . . . . . . . . . 2 1 . . . . . . . . . . . . . . . . . . . . Parts Restored . | . . . . . . . . . . . . . . . . . . . . . . . . . . . . . . . Kills | -11 -10 -10 -10 -9 -8 -7 -7 -7 -7 -7 -7 -6 -6 -6 -6 -6 -6 -6 -5 -5 -5 -5 -5 -4 -3 -3 -2 -2 -2 -1 ------- Run | Yrd Mat Min Exi Min Mat Fac Was Fac Low Low Zio Pro Fac Was Fac Low Low Dat Pro Fac Was Fac Ext Fac Res Tes Res Qua Sec Acc Combat Hostiles Destroyed 198 | . 15 7 . 14 14 . . 2 . . . 3 21 . . 1 2 . . 5 . 7 . 11 . . . . 5 91 Melee 15 | . . . . . . . . 2 . . . . 4 . . 1 . . . 5 . . . 1 . . . . 2 . Guns 16 | . 3 . . . 10 . . . . . . . . . . . . . . . . . . . . . . . 3 . Cannons 117 | . 12 . . 11 3 . . . . . . . . . . . . . . . . . . . . . . . . 91 AOE 50 | . . 7 . 3 1 . . . . . . 3 17 . . . 2 . . . . 7 . 10 . . . . . . Classes Destroyed 22 | . 8 1 . . 4 . . 1 1 . . . . . . 1 . . . . . . . . . . . . 1 5 Worker 20 | . 2 . . 1 3 . . . . . . . 2 . . . . . . . . . . 2 . . 1 . . 9 Builder 26 | . 1 . . 1 2 . . 3 . . . . 4 . . . . . . 3 . 1 . . 3 . . . . 8 Tunneler 6 | . 1 . . . . . . 2 . . . . 1 . . . . . . . . . . . . . . . . 2 Hauler 18 | . 2 . . . 6 1 . . . . . . 5 . 2 . . . . . . . . 1 . . . . . 1 Recycler 12 | . 1 . . . 2 1 . 4 . . . . 1 . . . . . . 1 . . . 1 1 . . . . . Minesweeper 1 | . . . . . . . . . 1 . . . . . . . . . . . . . . . . . . . . . Mechanic 8 | . . . . . 2 . . . . . . . 1 . . . . . . . . . . . . . . . . 5 Operator 4 | . . . . . 1 . . . . . . . 2 . 1 . . . . . . . . . . . . . . . Watcher 17 | . 1 . . . 1 . . 3 . . . . 4 . 1 . . . . 3 . 1 . . . . . . . 3 Swarmer 61 | . 6 6 . 8 . . . . . . . 3 7 . . . 2 . . 3 . 7 . 8 . . . . . 11 Saboteur 4 | . . . . . . . . . . . . . . . . . . . . . . . . . . . . . . 4 Grunt 74 | . 9 . . 6 8 . . 1 . . . . 12 . . . . . . . . . . 3 . . . . . 35 Brawler 2 | . . . . . . . . . . . . . . . . . . . . . . . . . . . . . . 2 Duelist 7 | . . . . . 1 . . . . . . . . . . . . . . . . . . . . . . . . 6 Protector 4 | . . . . . . . . . . . . . . . . . . . . . . . . . . . . . . 4 Sentry 5 | . . . . . 5 . . . . . . . . . . . . . . . . . . . . . . . . . Demolisher 1 | . . 1 . . . . . . . . . . . . . . . . . . . . . . . . . . . . Hunter 7 | . . . . . . . . . . . . . . . . 1 . . . . . . . . . . . . . 6 Programmer 19 | . . . . . . . . 1 . . . . 2 . . . . . . 2 . . . . . . . . 3 11 Striker 10 | . . . . . . . . . . . . . . . . . . . . . . . . . . . . . . 10 Executioner 4 | . . . . . . . . . . . . . . . . . . . . . . . . . . . . . 2 2 Assembled 2 | . . . . . . . . . . . . . . . . . . . . . . . . . . . . . . 2 Best Kill Streak 39 | . 5 3 . 4 5 1 . 2 1 . . 3 7 . 1 1 2 . . 5 . 4 . 12 1 . 1 . 3 39 Combat Bots Only 31 | . 5 3 . 4 4 . . 1 . . . 3 5 . . 1 2 . . 3 . 4 . 10 . . . . 3 31 Max Kills in Single Turn 7 | . 1 3 . 2 2 1 . 1 1 . . 2 4 . 1 1 1 . . 1 . 2 . 7 1 . 1 . 1 4 Gunslinging . | . . . . . . . . . . . . . . . . . . . . . . . . . . . . . . . Exploded 5 | . . 3 . 2 1 . . . . . . 2 4 . . . 1 . . . . 2 . 5 . . . . . . Melee 1 | . . . . . . . . 1 . . . . 1 . . 1 . . . 1 . . . 1 . . . . 1 . Uniques/NPCs Destroyed . | . . . . . . . . . . . . . . . . . . . . . . . . . . . . . . . Combat | -11 -10 -10 -10 -9 -8 -7 -7 -7 -7 -7 -7 -6 -6 -6 -6 -6 -6 -6 -5 -5 -5 -5 -5 -4 -3 -3 -2 -2 -2 -1 -------- Run | Yrd Mat Min Exi Min Mat Fac Was Fac Low Low Zio Pro Fac Was Fac Low Low Dat Pro Fac Was Fac Ext Fac Res Tes Res Qua Sec Acc Hostile Shots Fired 1367 | . 47 12 . 38 105 . . 63 1 2 . 32 164 . . 14 16 3 24 63 . 59 9 83 22 14 31 2 153 410 Missed 573 | . 8 . . 13 27 . . 32 . . . 18 75 . . 7 10 3 13 21 . 27 4 40 14 6 16 2 61 176 Hits 794 | . 39 12 . 25 78 . . 31 1 2 . 14 89 . . 7 6 . 11 42 . 32 5 43 8 8 15 . 92 234 Melee 11 | . . . . . . . . . . 2 . . . . . . . . . . . . . . . . . . 4 5 Projectile 783 | . 39 12 . 25 78 . . 31 1 . . 14 89 . . 7 6 . 11 42 . 32 5 43 8 8 15 . 88 229 AOE 19 | . . 11 . . . . . . . . . . . . . . . . . 2 . 6 . . . . . . . . Critical Strikes 34 | . . . . . 2 . . 3 . . . . 4 . . . . . . 2 . 1 . 2 . . 2 . 10 8 Actively Blocked 8 | . . . . . . . . . . . . . . . . . . . . . . . . . . . . . . 8 Part Disruptions 1 | . . . . . . . . . . . . . . . . . . . . . . . . . . . . . 1 . Damage Taken 13941 | . 429 509 . 297 1229 . . 363 16 34 . 221 1625 . . 155 63 . 198 980 . 988 108 893 136 187 402 . 2069 3039 Core 3393 | . 34 38 . 21 138 . . 32 . 34 . 77 586 . . 123 . . 20 290 . 266 23 139 24 19 41 . 551 937 Absorbed by Shields 120 | . . . . . 120 . . . . . . . . . . . . . . . . . . . . . . . . . Redirected to Shielding 92 | . . . . . . . . . . . . . . . . . . . . . . 68 . 9 . . 15 . . . Ignored by Resistances 4151 | . . . . . . . . . . . . . . . . . . . . . . . . 33 . . . . 966 3152 Regen/Repaired (Parts) 1064 | . 227 . . . . . . . . . . . 207 . . . . . . 155 . 250 . 225 . . . . . . Core Remaining (%) 65 | 100 . . . 62 74 . . . . . . 79 . . . . . . 14 . . . 42 87 . 96 . . 59 41 Volleys Fired 387 | . 39 23 . 28 103 . . . . . . 3 20 . . . 4 . . . . 7 . 6 . 1 . . 23 130 Largest 2 | . 2 2 . 2 2 . . . . . . 1 1 . . . 1 . . . . 1 . 1 . 1 . . 2 1 Hottest 200 | . 95 100 . 60 60 . . . . . . 39 39 . . . 39 . . . . 39 . 39 . 90 . . 200 180 Shots Fired 574 | . 75 33 . 56 202 . . . . . . 3 18 . . . 3 . . . . 7 . 6 . 1 . . 40 130 Gun 215 | . 24 8 . . 149 . . . . . . . . . . . . . . . . . . . . . . . 34 . Cannon 289 | . 45 1 . 54 52 . . . . . . . . . . . . . . . . . . . . 1 . . 6 130 Launcher 52 | . . 12 . 2 1 . . . . . . 3 18 . . . 3 . . . . 7 . 6 . . . . . . Special 18 | . 6 12 . . . . . . . . . . . . . . . . . . . . . . . . . . . . Kinetic 305 | . 45 5 . 54 201 . . . . . . . . . . . . . . . . . . . . . . . . . Thermal 48 | . 30 16 . . . . . . . . . . . . . . . . . . . . . . . 1 . . 1 . Explosive 51 | . . 12 . 2 . . . . . . . 3 18 . . . 3 . . . . 7 . 6 . . . . . . Electromagnetic 1 | . . . . . 1 . . . . . . . . . . . . . . . . . . . . . . . . . Slashing 169 | . . . . . . . . . . . . . . . . . . . . . . . . . . . . . 39 130 Robot Hit Streak 25 | . 5 7 . 8 9 . . . . . . . 5 . . . 3 . . . . 1 . 2 . . . . 10 25 Robot Miss Streak 7 | . 3 1 . 2 4 . . . . . . 1 2 . . . . . . . . 1 . 1 . . . . 2 7 Penetration Max 1 | . . . . . . . . . . . . . . . . . . . . . . . . . . . . . 1 1 Secondary Targets 2 | . . . . . 2 . . . . . . . . . . . . . . . . . . . . . . . . . Max Gunslinging Chain 1 | . . . . . 1 . . . . . . . . . . . . . . . . . . . . . . . . . Shots Hit Robots 568 | . 47 14 12 24 136 9 . 31 4 . . . 74 . 8 8 3 1 . 23 . 2 . 12 7 . 2 . 35 116 Core Hits 499 | . 24 15 . 15 63 2 . 12 1 . . 7 62 . 5 1 2 . . 8 . 9 . 20 3 . 1 . 11 238 Critical Kills . | . . . . . . . . . . . . . . . . . . . . . . . . . . . . . . . Critical Parts Destroyed . | . . . . . . . . . . . . . . . . . . . . . . . . . . . . . . . Critical Strikes 40 | . . . . 3 4 1 . 3 . . . . 3 . 1 2 . . . 2 . . . 1 . . . . . 20 Blast 7 | . . . . 3 4 . . . . . . . . . . . . . . . . . . . . . . . . . Sever 33 | . . . . . . 1 . 3 . . . . 3 . 1 2 . . . 2 . . . 1 . . . . . 20 Melee Attacks 435 | . . . 12 . . 9 . 69 12 . 9 7 136 . 26 10 2 1 4 44 . 20 . 18 13 9 8 1 25 . Impact . | . . . . . . . . . . . . . . . . . . . . . . . . . . . . . . . Slashing 400 | . . . . . . 6 . 67 12 . . . 134 . 26 10 2 1 4 44 . 20 . 18 13 9 8 1 25 . Piercing 16 | . . . . . . . . . . . 9 7 . . . . . . . . . . . . . . . . . . Sneak Attacks 58 | . . . 10 . . 5 . 12 1 . . . 15 . 2 . . 1 . 5 . . . 2 4 . 1 . . . Combat Hostiles 1 | . . . . . . . . . . . . . 1 . . . . . . . . . . . . . . . . . Follow-up Attacks . | . . . . . . . . . . . . . . . . . . . . . . . . . . . . . . . Damage Inflicted 39376 | . 846 522 . 584 2730 275 . 1597 188 . . 237 5403 . 416 319 262 63 . 1162 . 919 . 2088 381 . 110 . 2212 19062 Guns 3298 | . 184 66 . . 1736 . . . . . . . . . . . . . . . . . . . . . . . 1312 . Cannons 20796 | . 597 20 . 431 548 . . . . . . . . . . . . . . . . . . . . . . . 322 18878 Explosions 6285 | . . 417 . 119 382 . . . . . . 237 2280 . . . 262 . . . . 859 . 1674 . . . . . 55 Melee 8579 | . . . . . . 275 . 1597 188 . . . 3123 . 416 319 . 63 . 1162 . 60 . 414 381 . 110 . 471 . Ramming 412 | . 59 19 . 34 64 . . . . . . . . . . . . . . . . . . . . . . . 107 129 Kinetic 3359 | . 597 47 . 431 2284 . . . . . . . . . . . . . . . . . . . . . . . . . Thermal 1629 | . 190 93 . . 125 . . . . . . . . . . . . . . . . . . 1221 . . . . . . Explosive 4628 | . . 363 . 119 . . . . . . . 237 2280 . . . 262 . . . . 859 . 453 . . . . . 55 Electromagnetic 257 | . . . . . 257 . . . . . . . . . . . . . . . . . . . . . . . . . Impact . | . . . . . . . . . . . . . . . . . . . . . . . . . . . . . . . Slashing 29091 | . . . . . . 275 . 1597 188 . . . 3123 . 416 319 . 63 . 1162 . 60 . 414 381 . 110 . 2105 18878 Piercing . | . . . . . . . . . . . . . . . . . . . . . . . . . . . . . . . Highest Corruption 15 | . . . . . 2 . . 3 1 1 1 . 11 11 11 11 11 11 15 2 9 9 . 2 . 1 1 1 4 8 Average Corruption 4 | . . . . . 2 . . 1 1 1 1 . 8 11 11 11 11 11 11 1 4 7 . 1 . 1 1 1 2 3 Corruption Purged 15 | . . . . . . . . 4 . . . . . . . . . . . . . 9 . 2 . . . . . . Corruption Blocked . | . . . . . . . . . . . . . . . . . . . . . . . . . . . . . . . Effects 168 | . . . . . 28 . . 4 . . 1 . 65 1 11 6 5 2 4 8 1 9 . 1 . 2 . 1 3 16 Message Errors 41 | . . . . . 4 . . 1 . . . . 20 1 1 3 . . 2 2 . 3 . . . . . . 1 3 Matter Fused 32 | . . . . . 4 . . . . . . . 11 . 5 2 . . 1 1 . 2 . . . 1 . . 1 4 Heat Flow Errors 29 | . . . . . 5 . . 1 . . 1 . 11 . 1 . 2 . . 2 1 2 . 1 . 1 . . . 1 Energy Discharges 18 | . . . . . 5 . . 1 . . . . 5 . 2 1 . . . 1 . . . . . . . . 1 2 Parts Rejected 2 | . . . . . . . . . . . . . 1 . . . . . . . . . . . . . . . . 1 Parts Fused 1 | . . . . . . . . . . . . . . . . . . . . . . 1 . . . . . . . . Data Loss (minor) 23 | . . . . . 5 . . 1 . . . . 9 . 1 . . 1 1 1 . 1 . . . . . 1 . 2 Data Loss (major) 3 | . . . . . 3 . . . . . . . . . . . . . . . . . . . . . . . . . Misfires 3 | . . . . . 2 . . . . . . . . . . . . . . . . . . . . . . . . 1 Alerts 5 | . . . . . . . . . . . . . 3 . . . . . . 1 . . . . . . . . . 1 Misdirections 7 | . . . . . . . . . . . . . 3 . 1 . 2 1 . . . . . . . . . . . . Weapon Failures 4 | . . . . . . . . . . . . . 2 . . . 1 . . . . . . . . . . . . 1 Overload Shots . | . . . . . . . . . . . . . . . . . . . . . . . . . . . . . . . Overflow Damage 2210 | . . 84 . 16 16 83 . 211 84 . . . 431 . 8 . 17 . . 207 . 75 . 229 115 . 42 . 37 555 Projectiles 433 | . . . . . . . . . . . . . . . . . . . . . . . . . . . . . . 433 Explosions 420 | . . 84 . 16 8 . . . . . . . 45 . . . 17 . . . . 50 . 172 . . . . . 28 Melee 1357 | . . . . . 8 83 . 211 84 . . . 386 . 8 . . . . 207 . 25 . 57 115 . 42 . 37 94 Knockbacks 22 | . 6 . . 4 7 . . . . . . . . . . . . . . . . . . . . . . . 4 1 Impact 5 | . . . . . . . . . . . . . . . . . . . . . . . . . . . . . 4 1 Kinetic 17 | . 6 . . 4 7 . . . . . . . . . . . . . . . . . . . . . . . . . Secondary . | . . . . . . . . . . . . . . . . . . . . . . . . . . . . . . . Self-Inflicted Damage 490 | . . 90 . 46 104 . . . . . . 34 . . . . . . . . . 28 . 149 . . . . . 39 Shots 15 | . . 4 . 2 2 . . . . . . 1 . . . . . . . . . 2 . 3 . . . . . 1 Rammed 24 | . 10 3 . 5 6 . . . . . . . . . . . . . . . . . . . . . . . . . Targets Rammed 36 | . 15 3 . 5 6 . . . . . . . . . . . . . . . . . . . . . . . 5 2 Kicked 7 | . . . . . . . . . . . . . . . . . . . . . . . . . . . . . 5 2 Crushed 5 | . 5 . . . . . . . . . . . . . . . . . . . . . . . . . . . . . Highest Temperature 369 | . 282 160 . 96 320 . . 227 . . 226 4 222 . 278 52 214 209 2 224 263 182 234 244 63 369 114 45 311 135 Average Temperature 83 | . 87 61 . 30 99 . . 92 . . 123 4 88 . 145 26 67 123 2 114 220 39 71 111 26 77 37 24 117 49 Received Heat Transfer 2068 | . 153 . . 81 595 . . 123 9 . . 21 378 . . . 6 . . 54 . 108 . 27 . 18 . . 27 468 Effects 6 | . . . . . 2 . . . . . . . . . 1 . . . . . . . . . . 3 . . . . Shutdowns 1 | . . . . . . . . . . . . . . . . . . . . . . . . . . 1 . . . . Interference 5 | . . . . . 2 . . . . . . . . . 1 . . . . . . . . . . 2 . . . . Siege Activations . | . . . . . . . . . . . . . . . . . . . . . . . . . . . . . . . Martial Activations . | . . . . . . . . . . . . . . . . . . . . . . . . . . . . . . . Shielding Activations . | . . . . . . . . . . . . . . . . . . . . . . . . . . . . . . . Robots Disrupted . | . . . . . . . . . . . . . . . . . . . . . . . . . . . . . . . Combat Hostiles . | . . . . . . . . . . . . . . . . . . . . . . . . . . . . . . . Robots Corrupted 3 | . . . . . 1 . . . . . . . . . . . . . . . . . . . . . . . . 2 Combat Hostiles . | . . . . . . . . . . . . . . . . . . . . . . . . . . . . . . . Parts Fried 4 | . . . . . 3 . . . . . . . . . . . . . . . . . . . . . . . . 1 Impact Corruptions 5 | . . . . . 1 . . . . . . . . . . . . . . . . . . . . . . . . 4 Robots Melted . | . . . . . . . . . . . . . . . . . . . . . . . . . . . . . . . Combat Hostiles . | . . . . . . . . . . . . . . . . . . . . . . . . . . . . . . . Parts Melted 1 | . . . . . . . . . . . . . . . . . . . . . . . . 1 . . . . . . Heat Transferred 1761 | . 494 161 . . 156 . . . . . . . . . . . . . . . . . . 950 . . . . . . Parts Sabotaged . | . . . . . . . . . . . . . . . . . . . . . . . . . . . . . . . Parts Stolen 2 | . . . . . . . . . . 2 . . . . . . . . . . . . . . . . . . . . Parts Stripped . | . . . . . . . . . . . . . . . . . . . . . . . . . . . . . . . Power Chain Reactions 2 | . . . . . 2 . . . . . . . . . . . . . . . . . . . . . . . . . Alert | -11 -10 -10 -10 -9 -8 -7 -7 -7 -7 -7 -7 -6 -6 -6 -6 -6 -6 -6 -5 -5 -5 -5 -5 -4 -3 -3 -2 -2 -2 -1 ------- Run | Yrd Mat Min Exi Min Mat Fac Was Fac Low Low Zio Pro Fac Was Fac Low Low Dat Pro Fac Was Fac Ext Fac Res Tes Res Qua Sec Acc Maximum Alert Level 5 | . 1 . . . . . . 1 . . . . 3 1 1 . . . . 1 . 1 . 3 1 1 1 . 5 5 Low Security (%) 76 | 100 89 100 . 100 100 100 100 77 . . . . 46 . 24 . . . . 74 100 53 100 79 . 87 74 100 65 . Level 1 12 | . 10 . . . . . . 22 . . . . 14 100 75 . . . . 25 . 46 . . 100 12 25 . . . Level 2 . | . . . . . . . . . . . . . 3 . . . . . . . . . . 7 . . . . . . Level 3 5 | . . . . . . . . . . . . . 35 . . . . . . . . . . 12 . . . . . . Level 4 . | . . . . . . . . . . . . . . . . . . . . . . . . . . . . . . 8 Level 5 . | . . . . . . . . . . . . . . . . . . . . . . . . . . . . . . . High Security . | . . . . . . . . . . . . . . . . . . . . . . . . . . . . . . . Max Security 4 | . . . . . . . . . . . . . . . . . . . . . . . . . . . . . 34 91 Peak Influence 5128 | . 218 170 . 105 107 20 . 331 . . . . 1032 318 230 . . . . 290 77 390 176 729 384 215 249 87 1838 5128 Initial 1102 | . . 75 . . 8 20 . . . . . . 21 318 215 . . . . . 77 46 144 81 351 211 77 63 39 1102 Average 269 | . 123 50 . 25 33 6 . 115 . . . . 381 313 206 . . . . 120 75 164 139 168 356 143 120 75 622 3076 Influence Increases 11756 | . 560 271 . 335 571 30 . 772 65 . . 75 1972 . 130 30 125 . . 666 . 570 82 886 105 97 287 27 507 3593 Destroy 0b10 Robot/C 4140 | . 300 140 . 280 280 . . 260 . . . 60 460 . . 20 40 . . 100 . 140 . 220 . . . . 100 1740 Destroy 0b10 Robot/NC 575 | . 40 . . 10 85 10 . 60 5 . . . 95 . 20 . . . . 35 . 10 . 20 20 . 5 . . 160 Destroy Leader 740 | . 76 20 . 30 84 2 . 76 . . . . 98 . 6 10 10 . . 16 . 22 . 12 . . . . 20 258 Allied During Kill 38 | . . . . . . . . 13 . . . . 3 . . . . . . . . . . . . . . . . 22 Trap Triggered on 0b10 140 | . . . . . . . . 50 . . . . 60 . . . . . . 10 . . . 20 . . . . . . Successful Hack 388 | . 37 . . . 26 18 . 49 . . . . 63 . 26 . . . . 48 . 30 22 5 . 4 . 24 36 . Select Force Hacks 60 | . 60 . . . . . . . . . . . . . . . . . . . . . . . . . . . . . Disable Machine 765 | . . 45 . . 30 . . . . . . . 120 . 45 . . . . 30 . 15 . 270 . 15 . . 90 105 Destroy Structure 1760 | . 2 66 . 15 6 . . 24 . . . . 128 . 3 . . . . 22 . 158 . 144 10 18 12 3 51 1098 Partial Spotted 435 | . . . . . 15 . . 30 . . . . 180 . 15 . . . . 45 . 15 . 15 30 . 45 . 45 . Lose Combat Pursuer 2715 | . 45 . . . 45 . . 210 60 . . 15 765 . 15 . 75 . . 360 . 180 60 180 45 60 225 . 165 210 Influence Decreases 8617 | . 366 465 . 313 547 76 . 465 165 120 87 40 1097 602 243 153 75 122 . 446 153 341 212 382 399 335 311 71 255 776 Entered New Map 3074 | . . 119 . . 14 26 . . 115 40 87 . 14 592 93 73 15 122 . . 143 21 152 85 319 165 61 51 31 736 Time Decay 4291 | . 366 296 . 303 481 50 . 405 50 80 . 30 562 10 150 70 60 . . 296 10 260 60 212 80 160 120 20 140 20 Search Patrol Dispatched 200 | . . . . . . . . . . . . . . . . . . . . 100 . . . . . . 100 . . . Lost Part 406 | . . 50 . 10 26 . . 20 . . . 10 80 . . 10 . . . 30 . 50 . 70 . . 20 . 30 . Lost Ally 185 | . . . . . . . . 40 . . . . 50 . . . . . . 20 . 10 . 15 . 10 10 . 10 20 Purge Threat 461 | . . . . . 26 . . . . . . . 391 . . . . . . . . . . . . . . . 44 . Squads Dispatched 107 | . 5 . . . 3 3 . 10 . . . . 19 . . . . . . 5 . 7 . 3 1 3 3 1 13 31 Investigation 27 | . 5 . . . . . . 6 . . . . 7 . . . . . . 2 . 5 . . 1 . . 1 . . Extermination 16 | . . . . . . . . 3 . . . . 4 . . . . . . 2 . 2 . 1 . 1 2 . 1 . Reinforcement 16 | . . . . . 1 2 . 1 . . . . 7 . . . . . . 1 . . . 1 . 1 1 . . 1 Assault 47 | . . . . . 2 . . . . . . . 1 . . . . . . . . . . 1 . 1 . . 12 30 Garrison 1 | . . . . . . 1 . . . . . . . . . . . . . . . . . . . . . . . . Intercept . | . . . . . . . . . . . . . . . . . . . . . . . . . . . . . . . Searches Triggered 2 | . . . . . . . . . . . . . . . . . . . . 1 . . . . . . 1 . . . Unchained Authorized 3 | . . . . . . . . . . . . . . . . . . . . . . 1 . 1 . . 1 . . . Construction Impeded 3 | . . . . . . . . . . . . . 1 . . . . . . . . . . 1 . . . . . 1 Haulers Reinforced 5 | . . . . . . 1 . 1 . . . . 3 . . . . . . . . . . . . . . . . . Active Scanning Responses . | . . . . . . . . . . . . . . . . . . . . . . . . . . . . . . . Cargo Convoy Interrupts 1 | . . . . . . . . 1 . . . . . . . . . . . . . . . . . . . . . . Stealth | -11 -10 -10 -10 -9 -8 -7 -7 -7 -7 -7 -7 -6 -6 -6 -6 -6 -6 -6 -5 -5 -5 -5 -5 -4 -3 -3 -2 -2 -2 -1 --------- Run | Yrd Mat Min Exi Min Mat Fac Was Fac Low Low Zio Pro Fac Was Fac Low Low Dat Pro Fac Was Fac Ext Fac Res Tes Res Qua Sec Acc Distress Signals 28 | . 1 . . . . . . . . . . . 4 . 1 . . . . 4 . 4 . 1 . 1 4 . 2 6 Communications Jammed . | . . . . . . . . . . . . . . . . . . . . . . . . . . . . . . . Distress Signals . | . . . . . . . . . . . . . . . . . . . . . . . . . . . . . . . Times Spotted 612 | . 29 7 . 13 28 2 6 30 4 6 . 6 98 3 4 4 11 4 3 36 4 34 6 41 7 17 19 2 61 127 Peak Tracking Total 33 | . 7 2 . 4 5 2 6 5 4 3 . 6 9 3 2 3 8 4 3 11 4 11 5 13 5 12 9 2 33 16 Tactical Retreats 90 | . 2 . . . 3 . . 9 2 . . 1 25 . 1 . 3 . . 8 . 7 1 7 1 2 5 . 7 6 Traps | -11 -10 -10 -10 -9 -8 -7 -7 -7 -7 -7 -7 -6 -6 -6 -6 -6 -6 -6 -5 -5 -5 -5 -5 -4 -3 -3 -2 -2 -2 -1 ------- Run | Yrd Mat Min Exi Min Mat Fac Was Fac Low Low Zio Pro Fac Was Fac Low Low Dat Pro Fac Was Fac Ext Fac Res Tes Res Qua Sec Acc Traps Triggered 17 | . 4 . . . 3 1 . . . . . . 1 . . . . . . 2 . . . 2 1 . . . . 3 Indirectly . | . . . . . . . . . . . . . . . . . . . . . . . . . . . . . . . Trap Hack Attempts 172 | . . . . . 36 1 . 57 . . . . 27 . 40 . . . . 5 . 6 . . . . . . . . Triggered 2 | . . . . . 1 . . . . . . . . . 1 . . . . . . . . . . . . . . . Disarmed 1 | . . . . . . . . . . . . . . . 1 . . . . . . . . . . . . . . . Reprogrammed 52 | . . . . . 2 1 . 12 . . . . 7 . 4 . . . . 2 . 2 . 6 4 . 12 . . . Reused 14 | . . . . . . . . 5 . . . . 6 . . . . . . 1 . . . 2 . . . . . . Traps Extracted 21 | . . . . . 2 . . 17 . . . . . . . . . . . . . 2 . . . . . . . . Installed 19 | . . . . . . . . 13 1 . . . 5 . . . . . . . . . . . . . . . . . Triggered 14 | . . . . . . . . 5 . . . . 6 . . . . . . 1 . . . 2 . . . . . . Most Traps Carried 6 | . . . . . 2 2 2 6 6 6 6 6 6 1 1 1 1 1 1 1 1 3 3 3 3 3 3 3 3 3 Machines | -11 -10 -10 -10 -9 -8 -7 -7 -7 -7 -7 -7 -6 -6 -6 -6 -6 -6 -6 -5 -5 -5 -5 -5 -4 -3 -3 -2 -2 -2 -1 ---------- Run | Yrd Mat Min Exi Min Mat Fac Was Fac Low Low Zio Pro Fac Was Fac Low Low Dat Pro Fac Was Fac Ext Fac Res Tes Res Qua Sec Acc Machines Disabled 55 | . . 4 . . 2 . . . 1 . . . 8 . 3 . . . . 2 . 1 . 18 . 1 . . 8 7 Max in Single Turn 12 | . . 2 . . 1 . . . 1 . . . 1 . 1 . . . . 1 . 1 . 12 . 1 . . 2 1 Garrison Access 14 | . . . . . 1 . . 2 . . . . 2 . 1 . . . . 2 . 3 . 2 . . . . 1 . Energy Cycler 1 | . . . . . . . . . . . . . . . . . . . . . . . . . . . . . . 1 Machines Repaired . | . . . . . . . . . . . . . . . . . . . . . . . . . . . . . . . Machines Dismantled . | . . . . . . . . . . . . . . . . . . . . . . . . . . . . . . . Machines Sabotaged . | . . . . . . . . . . . . . . . . . . . . . . . . . . . . . . . Overloaded Fab Kills . | . . . . . . . . . . . . . . . . . . . . . . . . . . . . . . . Hacking | -11 -10 -10 -10 -9 -8 -7 -7 -7 -7 -7 -7 -6 -6 -6 -6 -6 -6 -6 -5 -5 -5 -5 -5 -4 -3 -3 -2 -2 -2 -1 --------- Run | Yrd Mat Min Exi Min Mat Fac Was Fac Low Low Zio Pro Fac Was Fac Low Low Dat Pro Fac Was Fac Ext Fac Res Tes Res Qua Sec Acc Machines Accessed 132 | . 11 1 2 . 11 1 . 14 1 . . . 23 . 6 . . 4 . 11 . 17 2 8 3 4 3 2 8 . Terminals 72 | . 8 . . . 7 1 . 8 . . . . 10 . 5 . . . . 7 . 5 2 5 2 2 3 1 6 . Fabricators 12 | . . . . . . . . 2 . . . . 5 . . . . . . . . 4 . . . 1 . . . . Repair Stations 17 | . 1 . . . 2 . . . . . . . 4 . . . . . . 2 . 4 . 1 1 1 . . 1 . Recycling Units 4 | . 2 . . . . . . . . . . . 2 . . . . . . . . . . . . . . . . . Scanalyzers 4 | . . . . . 2 . . 1 . . . . . . . . . . . . . 1 . . . . . . . . Garrison Access 15 | . . . . . . . . 3 . . . . 2 . 1 . . . . 2 . 3 . 2 . . . 1 1 . Total Hacks 430 | . 40 1 2 . 33 2 . 47 7 . . . 65 . 12 . . 30 . 37 . 56 6 33 9 10 18 5 17 . Successful 281 | . 24 1 2 . 24 1 . 26 7 . . . 37 . 6 . . 30 . 20 . 36 5 23 5 6 13 2 13 . Failed 147 | . 16 . . . 8 1 . 21 . . . . 28 . 6 . . . . 17 . 19 1 10 4 4 5 3 4 . Catastrophic 27 | . . . . . . 1 . 8 . . . . 7 . 1 . . . . 6 . 2 . 1 . 1 . . . . Database Lockouts 2 | . . . . . 1 . . . . . . . . . . . . . . . . 1 . . . . . . . . Manual 174 | . 18 . 1 . 10 2 . 17 . . . . 24 . 7 . . . . 23 . 24 2 18 2 5 11 1 9 . Terminals 241 | . 28 . . . 22 2 . 32 . . . . 30 . 11 . . . . 25 . 18 6 21 6 6 18 2 14 . Fabricators 39 | . . . . . . . . 4 . . . . 15 . . . . . . . . 17 . . . 3 . . . . Repair Stations 59 | . 10 . . . 3 . . . . . . . 13 . . . . . . 8 . 11 . 9 3 1 . . 1 . Recycling Units 6 | . 2 . . . . . . . . . . . 4 . . . . . . . . . . . . . . . . . Scanalyzers 14 | . . . . . 8 . . 4 . . . . . . . . . . . . . 2 . . . . . . . . Garrison Access 31 | . . . . . . . . 7 . . . . 3 . 1 . . . . 4 . 8 . 3 . . . 3 2 . Terminal Hacks 125 | . 7 1 2 . 10 . . 10 7 . . . 6 . 5 . . 30 . 6 . 5 4 7 3 3 11 1 7 . Record 19 | . . . 1 . . . . . 7 . . . . . . . . 11 . . . . . . . . . . . . Part Schematic 14 | . 1 . . . . . . . . . . . . . 1 . . 11 . 1 . . . . . . . . . . Robot Schematic 6 | . 1 . . . . . . . . . . . . . . . . 5 . . . . . . . . . . . . Robot Analysis 1 | . . . . . 1 . . . . . . . . . . . . . . . . . . . . . . . . . Prototype ID Bank 12 | . 4 . . . 4 . . 1 . . . . . . . . . 3 . . . . . . . . . . . . Open Door 3 | . . 1 . . . . . . . . . . . . . . . . . . . . . . . . . . 2 . Level Access Points 6 | . . . . . . . . . . . . . . . . . . . . . . . 1 1 1 1 1 . 1 . Branch Access Points 6 | . . . . . . . . 1 . . . . . . 1 . . . . 1 . . 1 1 . . 1 . . . Machine Index 6 | . . . . . . . . 1 . . . . . . . . . . . 1 . 1 . . 1 . 1 . 1 . Terminal Index 4 | . . . . . . . . . . . . . . . 1 . . . . 1 . . . 1 . . . 1 . . Alert Level 2 | . . . . . 1 . . . . . . . 1 . . . . . . . . . . . . . . . . . Unreport Threat 5 | . . . . . 1 . . . . . . . 3 . . . . . . . . . . . . . . . 1 . Locate Traps 7 | . . . . . 1 . . 3 . . . . . . 1 . . . . . . . 1 . . . 1 . . . Reprogram Traps 6 | . . . . . . . . . . . . . . . . . . . . . . . . 2 1 . 3 . . . Dispatch Records 1 | . . . . . . . . . . . . . . . . . . . . . . . . . . . 1 . . . Security Status 1 | . . . . . . . . 1 . . . . . . . . . . . . . . . . . . . . . . Patrol Status 2 | . . . . . . . . 1 . . . . . . . . . . . . . . . . . . . . 1 . Recall Investigation 3 | . . . . . . . . . . . . . . . . . . . . 1 . 2 . . . . . . . . Recall Extermination 5 | . . . . . . . . 1 . . . . . . . . . . . . . . . 1 . 1 2 . . . Recall Reinforcements 3 | . . . . . . . . . . . . . 1 . . . . . . 1 . . . . . . 1 . . . Hauler Manifests 4 | . 1 . . . 1 . . . . . . . 1 . . . . . . . . . . 1 . . . . . . Registered Components 1 | . . . . . . . . 1 . . . . . . . . . . . . . . . . . . . . . . Zone Layout 6 | . . . . . 1 . . . . . . . . . 1 . . . . . . 2 1 . . . . . 1 . Proto ID Catalog 1 | . . . 1 . . . . . . . . . . . . . . . . . . . . . . . . . . . Protovariant Controls 1 | . . . . . . . . . . . . . . . . . . . . . . . . . . 1 . . . . Fabricator Hacks 22 | . . . . . . . . 2 . . . . 10 . . . . . . . . 8 . . . 2 . . . . Network Status 2 | . . . . . . . . 1 . . . . . . . . . . . . . 1 . . . . . . . . Load Schematic 12 | . . . . . . . . 1 . . . . 5 . . . . . . . . 5 . . . 1 . . . . Build 8 | . . . . . . . . . . . . . 5 . . . . . . . . 2 . . . 1 . . . . Repair Station Hacks 43 | . 8 . . . 1 . . . . . . . 10 . . . . . . 6 . 7 . 9 . 1 . . 1 . Scan Component 20 | . 4 . . . 1 . . . . . . . 5 . . . . . . 3 . 3 . 4 . . . . . . Repair 19 | . 4 . . . . . . . . . . . 5 . . . . . . 3 . 3 . 4 . . . . . . Refit 4 | . . . . . . . . . . . . . . . . . . . . . . 1 . 1 . 1 . . 1 . Recycling Unit Hacks . | . . . . . . . . . . . . . . . . . . . . . . . . . . . . . . . Scanalyzer 11 | . . . . . 6 . . 4 . . . . . . . . . . . . . 1 . . . . . . . . Insert Component 2 | . . . . . . . . 2 . . . . . . . . . . . . . . . . . . . . . . Analyze 2 | . . . . . . . . 2 . . . . . . . . . . . . . . . . . . . . . . Retrieve Study 7 | . . . . . 6 . . . . . . . . . . . . . . . . 1 . . . . . . . . Garrison Access Hacks 13 | . . . . . . . . 2 . . . . 2 . 1 . . . . 2 . 3 . 2 . . . . 1 . Seal Access 13 | . . . . . . . . 2 . . . . 2 . 1 . . . . 2 . 3 . 2 . . . . 1 . Unauthorized Hacks 67 | . 9 . . . 7 1 . 8 . . . . 9 . . . . . . 6 . 12 1 5 2 . 2 1 4 . Terminals 53 | . 7 . . . 7 1 . 6 . . . . 5 . . . . . . 6 . 6 1 5 2 . 2 1 4 . Track 8 | . . . . . . . . . . . . . . . . . . . . 2 . 1 . 2 1 . . . 2 . Assimilate 16 | . . . . . . . . 2 . . . . 2 . . . . . . 2 . 3 1 2 1 . 1 . 2 . Botnet 13 | . 1 . . . 1 1 . 3 . . . . 2 . . . . . . 1 . 1 . 1 . . 1 1 . . Operators 6 | . 1 . . . 1 . . 1 . . . . 1 . . . . . . 1 . 1 . . . . . . . . Skim 10 | . 5 . . . 5 . . . . . . . . . . . . . . . . . . . . . . . . . Fabricators 9 | . . . . . . . . 2 . . . . 2 . . . . . . . . 5 . . . . . . . . Prioritize 2 | . . . . . . . . . . . . . 1 . . . . . . . . 1 . . . . . . . . Liberate 1 | . . . . . . . . . . . . . . . . . . . . . . 1 . . . . . . . . Haulers 1 | . . . . . . . . 1 . . . . . . . . . . . . . . . . . . . . . . Recompile 5 | . . . . . . . . 1 . . . . 1 . . . . . . . . 3 . . . . . . . . Repair Stations 2 | . . . . . . . . . . . . . 1 . . . . . . . . 1 . . . . . . . . Patch 2 | . . . . . . . . . . . . . 1 . . . . . . . . 1 . . . . . . . . Recycling Units 3 | . 2 . . . . . . . . . . . 1 . . . . . . . . . . . . . . . . . Recyclers 1 | . . . . . . . . . . . . . 1 . . . . . . . . . . . . . . . . . Tunnel 2 | . 2 . . . . . . . . . . . . . . . . . . . . . . . . . . . . . Scanalyzers . | . . . . . . . . . . . . . . . . . . . . . . . . . . . . . . . Garrison Access . | . . . . . . . . . . . . . . . . . . . . . . . . . . . . . . . Data Cores Recovered 1 | . . . . . 1 . . . . . . . . . . . . . . . . . . . . . . . . . Used . | . . . . . . . . . . . . . . . . . . . . . . . . . . . . . . . Hacking Detections 93 | . 8 . . . 9 1 . 10 . . . . 20 . 4 . . . . 10 . 9 2 4 3 3 3 2 5 . Full Trace Events 14 | . . . . . . . . 5 . . . . 4 . . . . . . 2 . 1 . . 1 . . 1 . . Feedback Events 3 | . . . . . . . . 3 . . . . . . . . . . . . . . . . . . . . . . Corruption 1 | . . . . . . . . 1 . . . . . . . . . . . . . . . . . . . . . . Hackware Fried 2 | . . . . . . . . 2 . . . . . . . . . . . . . . . . . . . . . . Feedback Blocked 1 | . . . . . . . . . . . . . . . . . . . . 1 . . . . . . . . . . Robot Schematics Acquired 6 | . 1 . . . . . . . . . . . . . . . . 5 . . . . . . . . . . . . Robots Built 2 | . . . . . . . . . . . . . 2 . . . . . . . . . . . . . . . . . Authchips . | . . . . . . . . . . . . . . . . . . . . . . . . . . . . . . . Time 116 | . . . . . . . . . . . . . 116 . . . . . . . . . . . . . . . . . Total Robot Build Rating 6 | . . . . . . . . . . . . . 6 . . . . . . . . . . . . . . . . . Part Schematics Acquired 16 | . 1 . . . . . . 2 . . . . . . 1 . . 11 . 1 . . . . . . . . . . Parts Built 10 | . . . . . . . . . . . . . 4 . . . . . . . . 4 . . . 2 . . . . Authchips 5 | . . . . . . . . . . . . . 2 . . . . . . . . 2 . . . 1 . . . . Time 400 | . . . . . . . . . . . . . 245 . . . . . . . . 116 . . . 39 . . . . Total Part Build Rating 58 | . . . . . . . . . . . . . 16 . . . . . . . . 28 . . . 14 . . . . Part Studies Acquired 7 | . . . . . 6 . . . . . . . . . . . . . . . . 1 . . . . . . . . Parts Repaired 19 | . 4 . . . . . . . . . . . 5 . . . . . . 3 . 3 . 4 . . . . . . Time 706 | . 104 . . . . . . . . . . . 221 . . . . . . 105 . 64 . 212 . . . . . . Parts Recycled . | . . . . . . . . . . . . . . . . . . . . . . . . . . . . . . . Recycled Matter . | . . . . . . . . . . . . . . . . . . . . . . . . . . . . . . . Retrieved Matter . | . . . . . . . . . . . . . . . . . . . . . . . . . . . . . . . Retrieved Components . | . . . . . . . . . . . . . . . . . . . . . . . . . . . . . . . Parts Scanalyzed 2 | . . . . . . . . 2 . . . . . . . . . . . . . . . . . . . . . . Part Schematics Acquired 2 | . . . . . . . . 2 . . . . . . . . . . . . . . . . . . . . . . Parts Damaged 1 | . . . . . . . . 1 . . . . . . . . . . . . . . . . . . . . . . Bothacking | -11 -10 -10 -10 -9 -8 -7 -7 -7 -7 -7 -7 -6 -6 -6 -6 -6 -6 -6 -5 -5 -5 -5 -5 -4 -3 -3 -2 -2 -2 -1 ------------ Run | Yrd Mat Min Exi Min Mat Fac Was Fac Low Low Zio Pro Fac Was Fac Low Low Dat Pro Fac Was Fac Ext Fac Res Tes Res Qua Sec Acc Used RIF Installer . | . . . . . . . . . . . . . . . . . . . . . . . . . . . . . . . Robots Hacked 8 | . . . 5 . . 2 . 1 . . . . . . . . . . . . . . . . . . . . . . Non-combat 5 | . . . 3 . . 1 . 1 . . . . . . . . . . . . . . . . . . . . . . Combat 3 | . . . 2 . . 1 . . . . . . . . . . . . . . . . . . . . . . . . Robot Hacks Applied 13 | . . . 9 . . 3 . 1 . . . . . . . . . . . . . . . . . . . . . . parse_system 12 | . . . 9 . . 2 . 1 . . . . . . . . . . . . . . . . . . . . . . find_chute 1 | . . . . . . 1 . . . . . . . . . . . . . . . . . . . . . . . . Relay Couplers Released 1 | . . . . . 1 . . . . . . . . . . . . . . . . . . . . . . . . . Machine Destruction 1 | . . . . . 1 . . . . . . . . . . . . . . . . . . . . . . . . . Fabnet Peak Effective % . | . . . . . . . . . . . . . . . . . . . . . . . . . . . . . . . Robots Rewired . | . . . . . . . . . . . . . . . . . . . . . . . . . . . . . . . Allies Hacked 1 | . . . . . . . . . . . . . 1 . . . . . . . . . . . . . . . . . Hacks Repelled 1 | . . . . . . . . . . . . . . . . . . . . . . . . . . . 1 . . . Allies | -11 -10 -10 -10 -9 -8 -7 -7 -7 -7 -7 -7 -6 -6 -6 -6 -6 -6 -6 -5 -5 -5 -5 -5 -4 -3 -3 -2 -2 -2 -1 -------- Run | Yrd Mat Min Exi Min Mat Fac Was Fac Low Low Zio Pro Fac Was Fac Low Low Dat Pro Fac Was Fac Ext Fac Res Tes Res Qua Sec Acc Total Allies 46 | . . 3 . . . . . 2 . . 3 . 4 . . . . . . 2 . 4 1 2 1 . 1 . 2 21 Largest Group 7 | . . 3 . . . . . 2 . . 3 3 2 . . . . . . 1 . 3 1 1 1 1 1 . 1 7 Highest-Rated Group 124 | . . 40 . . . . . 52 . . 70 70 42 . . . . . . 26 . 124 26 26 45 45 10 . 45 101 Highest-Rated Ally 49 | . . 16 . . . . . 26 . . 28 28 26 . . . . . . 26 . 49 26 26 45 45 10 . 45 15 Total Orders 3 | . . 3 . . . . . . . . . . . . . . . . . . . . . . . . . . . . STAY 2 | . . 2 . . . . . . . . . . . . . . . . . . . . . . . . . . . . FOLLOW 1 | . . 1 . . . . . . . . . . . . . . . . . . . . . . . . . . . . Ally Attacks 57 | . . 5 . . . . . 28 . . . 8 13 . . . . . . . . . . . . . . . . 3 Total Damage 1897 | . . 61 . . . . . 1298 . . . 106 386 . . . . . . . . . . . . . . . . 46 Kills 13 | . . . . . . . . 11 . . . . 2 . . . . . . . . . . . . . . . . . Allies Corrupted . | . . . . . . . . . . . . . . . . . . . . . . . . . . . . . . . Allies Melted 1 | . . . . . . . . . . . . . 1 . . . . . . . . . . . . . . . . . Turrets Deployed 3 | . . . . . . 1 . 2 . . . . . . . . . . . . . . . . . . . . . . Intel | -11 -10 -10 -10 -9 -8 -7 -7 -7 -7 -7 -7 -6 -6 -6 -6 -6 -6 -6 -5 -5 -5 -5 -5 -4 -3 -3 -2 -2 -2 -1 ------- Run | Yrd Mat Min Exi Min Mat Fac Was Fac Low Low Zio Pro Fac Was Fac Low Low Dat Pro Fac Was Fac Ext Fac Res Tes Res Qua Sec Acc Active Infowar (turns) 8590 | . . . . . . 175 167 1349 103 170 558 215 2005 32 318 150 121 11 95 574 23 783 129 527 167 323 257 58 280 . Sensors 4990 | . . . . . . . . . . . . . 1345 . 307 150 121 11 95 431 23 783 129 527 167 306 257 58 280 . IFF 122 | . . . . . . . . . . . . . 79 32 11 . . . . . . . . . . . . . . . Terrain 1082 | . . . . . . . . . . . . . 1082 . . . . . . . . . . . . . . . . . Structural 2283 | . . . . . . . . . . . . . 76 . . . . . . 574 23 729 . . 2 323 257 58 241 . Seismic 2820 | . . . . . . 175 167 1349 103 170 558 215 83 . . . . . . . . . . . . . . . . . T.N.C. 1204 | . . . . . . . . 248 . . . . 799 25 132 . . . . . . . . . . . . . . . Robot Analysis Total 1 | . . . . . 1 . . . . . . . . . . . . . . . . . . . . . . . . . Derelict Logs Recovered 10 | . . 2 . 2 . . . . 2 1 2 1 . . . . . . . . . . . . . . . . . . Drone Launches . | . . . . . . . . . . . . . . . . . . . . . . . . . . . . . . . Drone Recoveries . | . . . . . . . . . . . . . . . . . . . . . . . . . . . . . . . Exploration | -11 -10 -10 -10 -9 -8 -7 -7 -7 -7 -7 -7 -6 -6 -6 -6 -6 -6 -6 -5 -5 -5 -5 -5 -4 -3 -3 -2 -2 -2 -1 ------------- Run | Yrd Mat Min Exi Min Mat Fac Was Fac Low Low Zio Pro Fac Was Fac Low Low Dat Pro Fac Was Fac Ext Fac Res Tes Res Qua Sec Acc Turns Passed 17453 | 63 1582 1199 1034 1433 2460 181 167 1432 103 170 558 215 2006 32 318 150 121 49 107 711 23 783 139 549 167 323 257 58 443 620 Spaces Moved 22580 | 41 797 630 514 477 1374 281 293 2337 244 566 818 342 4126 76 823 343 426 96 339 1353 71 1291 398 939 312 581 639 332 1024 697 Core 12 | 8 . . . . . . . . . . . . . . . . . . . 3 . . . . . . 1 . . . Treads 3090 | 33 797 630 514 470 646 . . . . . . . . . . . . . . . . . . . . . . . . . Legs 946 | . . . . . . . . . . . . . . . . . . . . . . . . . . . . . 249 697 Wheels 735 | . . . . 7 728 . . . . . . . . . . . . . . . . . . . . . . . . . Hover . | . . . . . . . . . . . . . . . . . . . . . . . . . . . . . . . Flight 17797 | . . . . . . 281 293 2337 244 566 818 342 4126 76 823 343 426 96 339 1350 71 1291 398 939 312 581 638 332 775 . Fastest Speed 7 | 50 160 160 160 155 100 39 39 27 27 23 29 29 24 24 11 11 11 11 24 14 27 15 7 19 27 22 13 8 12 30 Average Speed 51 | 138 160 160 195 239 143 46 39 37 27 28 29 29 26 24 23 23 23 42 24 26 28 25 18 24 27 24 26 16 21 30 Slowest Speed 550 | 160 160 160 240 320 206 50 39 99 27 29 29 32 89 24 24 26 24 92 32 200 29 27 19 29 29 29 550 17 30 30 Overloaded Moves 77 | . . . . . . . . . . 3 . . . . 5 11 5 20 . 3 . . 21 . . . . 9 . . Propulsion Burnouts . | . . . . . . . . . . . . . . . . . . . . . . . . . . . . . . . Robots Hopped 93 | . . . . . . 2 . 5 . . . . 17 . 1 . . 1 3 17 . 5 1 34 . 3 1 . 3 . Potential Cave-ins 2 | . . . . . . . . . . . . . . . . . . . . . . . . . . . . . 2 . Cave-ins Triggered 2 | . . . . . . . . . . . . . 1 . . . . . . . . . . . . . . . 1 . Exploration Rate (%) 56 | 3 98 98 72 99 98 9 87 53 42 78 81 55 74 71 23 41 67 76 57 36 68 36 60 34 14 55 20 48 60 24 Regions Visited 30 Branch Regions 15 Pre-discovered Areas 13 | . 2 1 1 1 1 . . . 3 . 3 . . . . . . 1 . . . . . . . . . . . . Known Exits Taken 18 | . 1 . . . . . . 1 1 1 . 1 . . 1 1 1 1 1 . . 1 1 1 1 1 1 1 1 . Unknown Exits Taken 6 | 1 . 1 1 1 1 . . . . . 1 . . . . . . . . . . . . . . . . . . . Scrap Searched 17 | . . 1 . 2 . . . . 3 3 4 . . . . 1 3 . . . . . . . . . . . . . Spaces Dug 237 | . . 4 . . . . . 22 1 . 2 25 39 . 3 1 2 . 3 11 . 18 . 3 5 8 4 1 18 67 Terrain Destroyed 1125 | . . 96 . 15 3 . . 22 1 . 2 53 146 . 3 1 44 . 3 11 . 81 . 80 5 9 4 1 20 525 Melee 135 | . . . . . . . . 22 1 . 2 6 39 . 3 1 2 . 3 11 . 18 . 3 5 8 4 1 6 . Projectile 507 | . . 9 . . 3 . . . . . . . . . . . . . . . . . . . . 1 . . 14 480 AOE 483 | . . 87 . 15 . . . . . . . 47 107 . . . 42 . . . . 63 . 77 . . . . . 45 Terrain Rammed . | . . . . . . . . . . . . . . . . . . . . . . . . . . . . . . . Walls Destroyed . | . . . . . . . . . . . . . . . . . . . . . . . . . . . . . . . Machines Disabled . | . . . . . . . . . . . . . . . . . . . . . . . . . . . . . . . Actions | -11 -10 -10 -10 -9 -8 -7 -7 -7 -7 -7 -7 -6 -6 -6 -6 -6 -6 -6 -5 -5 -5 -5 -5 -4 -3 -3 -2 -2 -2 -1 --------- Run | Yrd Mat Min Exi Min Mat Fac Was Fac Low Low Zio Pro Fac Was Fac Low Low Dat Pro Fac Was Fac Ext Fac Res Tes Res Qua Sec Acc Total 26949 | 45 1017 761 537 702 1661 327 345 2773 260 571 1121 438 4781 89 903 396 435 101 352 1618 72 1695 462 1181 372 742 712 334 1171 975 Wait 2922 | . 139 84 4 186 73 11 53 242 . . 290 82 418 11 9 43 1 4 12 212 . 344 63 227 32 130 58 . 59 135 Move 22385 | 40 796 629 513 476 1373 277 292 2326 243 565 817 341 4092 75 820 342 425 93 333 1323 70 1280 395 885 311 574 636 331 1016 696 Hop 73 | . . . . . . 2 . 5 . . . . 17 . 1 . . 1 2 13 . 5 1 19 . 3 1 . 3 . Pick Up 94 | 1 10 8 5 2 14 5 . 5 1 1 1 1 10 1 . . 1 . . 3 . 5 . 3 1 6 3 2 4 1 Fast Attach 133 | 4 10 . . 1 12 1 . 19 . . 2 . 22 . 2 . . . . 10 2 10 . 9 5 4 . . 14 6 Attach 53 | . . 5 . 1 5 7 . 2 . 2 . 1 6 1 . 1 . . . 2 . 5 1 1 3 2 5 . 3 . Detach 36 | . 3 . . . 2 4 . 5 . . 1 . 2 . 1 . . . . 1 . 3 . 1 4 . 1 . 6 2 Swap 80 | . 1 7 3 2 13 . . 11 1 1 . 1 17 . 2 . 2 1 1 3 . 4 1 3 . 3 . . 2 1 Drop 116 | . 4 2 . 1 24 10 . 19 2 2 1 2 9 1 2 . . 1 . 2 . 6 1 4 1 10 . . 10 2 Fire 387 | . 39 23 . 28 103 . . . . . . 3 20 . . . 4 . . . . 7 . 6 . 1 . . 23 130 Melee 435 | . . . 12 . . 9 . 69 12 . 9 7 136 . 26 10 2 1 4 44 . 20 . 18 13 9 8 1 25 . Ram 2 | . . . . . 2 . . . . . . . . . . . . . . . . . . . . . . . . . Kick 7 | . . . . . . . . . . . . . . . . . . . . . . . . . . . . . 5 2 Crush 27 | . 15 3 . 5 4 . . . . . . . . . . . . . . . . . . . . . . . . . Escape Stasis 7 | . . . . . . . . . . . . . . . . . . . . . . . . 4 2 . . . 1 . Rewire 1 | . . . . . . . . . . . . . . . . . . . . . . . . 1 . . . . . . Trap 191 | . . . . . 36 1 . 70 1 . . . 32 . 40 . . . . 5 . 6 . . . . . . . . Miscellaneous . | . . . . . . . . . . . . . . . . . . . . . . . . . . . . . . . Route ------- -11/Scrapyard -10/Materials (discovered 6 exits: *Mat x3 / *Min x2 / Sub) -10/Mines (discovered 3 exits: *Mat x2 / *Exi) -10/Exiles -9/Mines (discovered 2 exits: *Mat x2) -8/Materials (discovered 3 exits: *Fac x3) -7/Factory (discovered 3 exits: Fac x3) -7/Waste -7/Factory (discovered 3 exits: *Fac / *Low x2) -7/Lower Caves -7/Lower Caves -7/Zion -6/Proximity Caves -6/Factory (discovered 5 exits: *Fac x4 / *Low) -6/Waste -6/Factory (discovered 3 exits: *Fac / *Low x2) -6/Lower Caves -6/Lower Caves -6/Data Miner -5/Proximity Caves -5/Factory (discovered 7 exits: *Fac x3 / *Upp x2 / *Ext x2) -5/Waste -5/Factory (discovered 4 exits: *Fac x2 / *Upp / *Ext) -5/Extension (discovered 3 exits: *Fac x2 / *Cet) -4/Factory (discovered 7 exits: *Res x4 / *Upp x2 / Arm) -3/Research (discovered 4 exits: Res x3 / *Tes) -3/Testing -2/Research (discovered 5 exits: Acc x3 / *Qua x2) -2/Quarantine (discovered 2 exits: *Sec / *Frg) -2/Section 7 -1/Access To Fleet Rendezvous History --------- Turn | Location | Event 3 | -11/Scrapyard | Discovered new exit (range 16) 64 | -11/Scrapyard | Entered Materials 144 | -10/Materials | Discovered new exit (range 8) 300 | -10/Materials | Build established: Mutant 403 | -10/Materials | Discovered new exit (range 7) 690 | -10/Materials | Discovered new exit (range 14) 780 | -10/Materials | Identified exit to Materials 813 | -10/Materials | Identified exit to Mines 843 | -10/Materials | Learned 2 Storage zone layouts 843 | -10/Materials | Discovered exit to Materials (range 9) 844 | -10/Materials | Learned Storage stockpile data 853 | -10/Materials | Identified exit to Subcaves 1484 | -10/Materials | Repaired Lgt. Treads 1512 | -10/Materials | Repaired Lgt. Cannon 1539 | -10/Materials | Repaired Lgt. Armor Plating 1567 | -10/Materials | Repaired Lgt. Treads 1646 | -10/Materials | Entered Mines 1722 | -10/Mines | Learned Materials non-interactive machine intel 1755 | -10/Mines | Assisted by bots powering up and referring to "LRC-V3" 1757 | -10/Mines | Learned location of Zion (-7) 1812 | -10/Mines | YI-UF0 nonchalantly dropped a Grenade Launcher on the ground 1898 | -10/Mines | Assembled infested the area 1903 | -10/Mines | Assisted by a Guerilla fighting off Assembled 1965 | -10/Mines | Lost 4 allies 2078 | -10/Mines | A weapon hastily lodged in a ceiling crevice suddenly fell to the ground 2135 | -10/Mines | Deemed a non-threat by the Exiles lab entrance 2137 | -10/Mines | Discovered new exit (range 5) 2324 | -10/Mines | Discovered exit to Materials (range 10) 2342 | -10/Mines | Met a Derelict who couldn't figure out how to use a Trap Extractor 2602 | -10/Mines | Lost 4 parts (1p1n1u1w) 2719 | -10/Mines | Discovered exit to Materials (range 8) 2845 | -10/Mines | Entered Exiles 2885 | -10/Exiles | Met 8R-AWN 2911 | -10/Exiles | Met EX-HEX 3086 | -10/Exiles | Met EX-DEC 3158 | -10/Exiles | Met EX-BIN 3279 | -10/Exiles | Aligned with FarCom system 3280 | -10/Exiles | Given EX-Vault access code 3317 | -10/Exiles | Opened EX-Vault 3331 | -10/Exiles | Found Flying Fortress v7 3335 | -10/Exiles | Found Deploy-a-Sentry 3338 | -10/Exiles | Found Deploy-a-Sentry 3342 | -10/Exiles | Found Deploy-a-Sentry 3391 | -10/Exiles | Warned to stay clear of 0b10 Research branches 3441 | -10/Exiles | Found AWS/Thermal 3785 | -10/Exiles | Discovered new exit (range 10) 3879 | -10/Exiles | Stole three prototypes: Flying Fortress v7, AWS/Thermal, Deploy-a-Sentry 3879 | -10/Exiles | Entered Mines 3879 | -9/Mines | Discovered new exit (range 15) 3918 | -9/Mines | Learned Materials security intel 3963 | -9/Mines | Discovered new exit (range 6) 4857 | -9/Mines | Excavation squad dispatched 4857 | -9/Mines | A large section of the Mines collapsed 5312 | -9/Mines | Entered Materials 5312 | -8/Materials | Evolved 4 slots: Propulsion x2, Utility x2 5314 | -8/Materials | Loaded intel: 29 non-interactive machine locations 5777 | -8/Materials | Discovered new exit (range 13) 5813 | -8/Materials | Build established: Scavenger-Mutant 6049 | -8/Materials | Central database locked down 6067 | -8/Materials | Discovered new exit (range 9) 6698 | -8/Materials | Discovered new exit (range 16) 6743 | -8/Materials | Build established: Mutant 6769 | -8/Materials | Met 7R-MNS 7472 | -8/Materials | Learned location of 1 exit from Recycling 7542 | -8/Materials | Learned location of 1 exit from Recycling 7649 | -8/Materials | Learned location of 1 exit from Recycling 7735 | -8/Materials | Learned location of 2 exits from Lower Caves 7762 | -8/Materials | Learned 2 Storage zone layouts 7772 | -8/Materials | Entered Factory 7772 | -7/Factory | Evolved 2 slots: Propulsion x1, Utility x1 7773 | -7/Factory | Caught up to 7R-MNS 7773 | -7/Factory | Identified exit to Factory 7774 | -7/Factory | FarCom data flow suspended 7911 | -7/Factory | DAS Turret deployed 7950 | -7/Factory | Garrison activated, responded to threat 7953 | -7/Factory | Sucked down chute 7953 | -7/Factory | Entered Waste 7967 | -7/Waste | Spotted C-40 Crusher 8064 | -7/Waste | Build established: Hacker-Mutant 8072 | -7/Waste | Spotted C-40 Crusher 8080 | -7/Waste | Spotted C-40 Crusher 8084 | -7/Waste | Spotted C-40 Crusher 8093 | -7/Waste | Spotted C-40 Crusher 8095 | -7/Waste | Spotted C-40 Crusher 8112 | -7/Waste | Discovered new exit (range 12) 8120 | -7/Waste | Entered Factory 8302 | -7/Factory | Identified exit to Lower Caves 8500 | -7/Factory | Discovered exit to Factory (range 8) 8615 | -7/Factory | DAS Turret deployed 8681 | -7/Factory | System Shield fried by hacking feedback 8723 | -7/Factory | System Shield fried by hacking feedback 9212 | -7/Factory | DAS Turret deployed 9369 | -7/Factory | Cargo convoy interrupted 9411 | -7/Factory | Found Prototype Processor 9411 | -7/Factory | Identified Exp. Melee Analysis Suite 9552 | -7/Factory | Entered Lower Caves 9553 | -7/Lower Caves | Identified exit to Lower Caves 9626 | -7/Lower Caves | Learned location of Extension (-5) 9626 | -7/Lower Caves | Learned Armory emergency access door positions 9626 | -7/Lower Caves | Learned Research stockpile data 9626 | -7/Lower Caves | Learned Research terminal intel 9626 | -7/Lower Caves | Learned Armory garrison access intel 9640 | -7/Lower Caves | Encountered a Warlord checkpoint 9650 | -7/Lower Caves | Acquired the password to a Derelict Tinkerer's latest research 9655 | -7/Lower Caves | Entered another Lower Caves area 9655 | -7/Lower Caves | Spotted 8C-EEA(f) 9655 | -7/Lower Caves | Spotted XY-Z0V(f) 9656 | -7/Lower Caves | Identified exit to Zion 9656 | -7/Lower Caves | Biomechanical Wings stolen by Master Thief 9656 | -7/Lower Caves | System Shield stolen by Master Thief 9657 | -7/Lower Caves | Encountered a Master Thief 9657 | -7/Lower Caves | Encountered a Master Thief 9664 | -7/Lower Caves | Learned 8 Factory zone layouts 9666 | -7/Lower Caves | Spotted R5-OR2(f) 9668 | -7/Lower Caves | Encountered a Master Thief 9702 | -7/Lower Caves | Build established: Hacker-Sprinter 9825 | -7/Lower Caves | Entered Zion 9842 | -7/Zion | Found CR-A16's Pointy Stick 9864 | -7/Zion | System corruption cleaned by Quarantine Array 9873 | -7/Zion | Discovered new exit (range 14) 9896 | -7/Zion | Learned location of Quarantine (-2) 9907 | -7/Zion | Learned location of 1 exit from Factory 9929 | -7/Zion | Found Relay Coupler [Programmer] 10159 | -7/Zion | Gained Derelict followers 10164 | -7/Zion | Learned location of Warlord (-5) 10383 | -7/Zion | Entered Proximity Caves 10383 | -6/Proximity Caves | Accompanied by 3 allies 10547 | -6/Proximity Caves | Attracted the attention of an 0b10 checkpoint 10592 | -6/Proximity Caves | Discovered exit to Factory (range 9) 10595 | -6/Proximity Caves | Learned Factory trap positions 10598 | -6/Proximity Caves | Entered Factory 10598 | -6/Factory | Evolved 2 slots: Utility x2 10599 | -6/Factory | Identified exit to Factory 10600 | -6/Factory | Identified exit to Lower Caves 10601 | -6/Factory | Loaded intel: 98 trap records 10784 | -6/Factory | Repaired Imp. Datajack 10795 | -6/Factory | Repaired Broken Cld. VTOL Module? 11050 | -6/Factory | Crushed by falling debris 11055 | -6/Factory | Discovered exit to Factory (range 5) 11095 | -6/Factory | Discovered exit to Factory (range 16) 11173 | -6/Factory | Fabricated Cld. VTOL Module (x1) 11242 | -6/Factory | Fabricated Cld. VTOL Module? 11410 | -6/Factory | Build established: Hacker-Scout 11437 | -6/Factory | Fabricated H-55 Commando (x2) 11572 | -6/Factory | Fabricated Cld. VTOL Module? 11935 | -6/Factory | System corruption reached 10% 11955 | -6/Factory | Core integrity fell below 50% 11998 | -6/Factory | First assault squad dispatched 12217 | -6/Factory | Fabricated Cld. VTOL Module? 12348 | -6/Factory | Repaired Ripper 12369 | -6/Factory | Build established: Hacker-Sprinter 12393 | -6/Factory | Repaired Hvy. Missile Launcher 12464 | -6/Factory | Repaired Cld. VTOL Module? 12604 | -6/Factory | Manually triggered Chute Trap 12604 | -6/Factory | Sucked down chute 12604 | -6/Factory | Entered Waste 12612 | -6/Waste | Found Broken Adv. Powered Armor 12615 | -6/Waste | Spotted C-40 Crusher 12621 | -6/Waste | Spotted C-40 Crusher 12621 | -6/Waste | Spotted C-40 Crusher 12623 | -6/Waste | Discovered new exit (range 10) 12625 | -6/Waste | Identified exit to Factory 12636 | -6/Waste | Entered Factory 12854 | -6/Factory | Discovered exit to Factory (range 13) 12945 | -6/Factory | Spotted B-75 Beast 12954 | -6/Factory | Entered Lower Caves 12958 | -6/Lower Caves | Encountered a Warlord checkpoint 13051 | -6/Lower Caves | Core integrity fell below 20% 13102 | -6/Lower Caves | Discovered new exit (range 14) 13104 | -6/Lower Caves | Identified exit to Lower Caves 13104 | -6/Lower Caves | Entered another Lower Caves area 13184 | -6/Lower Caves | Spotted B-75 Beast 13195 | -6/Lower Caves | Attracted the attention of an 0b10 checkpoint 13198 | -6/Lower Caves | Spotted NQ-8AW(f) 13200 | -6/Lower Caves | Encountered a Master Thief 13206 | -6/Lower Caves | Spotted G8-3Y8(f) 13207 | -6/Lower Caves | Encountered a Master Thief 13207 | -6/Lower Caves | Spotted 95-JXS(f) 13208 | -6/Lower Caves | Encountered a Master Thief 13224 | -6/Lower Caves | Discovered new exit (range 3) 13224 | -6/Lower Caves | Identified exit to Data Miner 13225 | -6/Lower Caves | Entered Data Miner 13225 | -6/Data Miner | Discovered new exit (range 6) 13230 | -6/Data Miner | Met Data Miner 13234 | -6/Data Miner | Learned location of Section 7 (-2) 13234 | -6/Data Miner | Acquired the access code to Warlord's prototype stash 13248 | -6/Data Miner | Received God Mode back door access code from Data Miner 13271 | -6/Data Miner | Data Conduit disabled 13273 | -6/Data Miner | Identified exit to Proximity Caves 13274 | -6/Data Miner | Entered Proximity Caves 13378 | -5/Proximity Caves | Discovered exit to Factory (range 11) 13381 | -5/Proximity Caves | Entered Factory 13381 | -5/Factory | Evolved 2 slots: Propulsion x1, Utility x1 13436 | -5/Factory | Lost 5 parts (1p3u1w) 13477 | -5/Factory | Repaired Cld. VTOL Module 13489 | -5/Factory | Identified exit to Upper Caves 13489 | -5/Factory | Identified exit to Extension 13792 | -5/Factory | Repaired Cld. VTOL Module 13829 | -5/Factory | Repaired Cld. VTOL Module 13853 | -5/Factory | Discovered new exit (range 13) 13981 | -5/Factory | Search patrols dispatched 13983 | -5/Factory | Discovered new exit (range 7) 14019 | -5/Factory | Discovered new exit (range 3) 14020 | -5/Factory | Identified exit to Factory 14063 | -5/Factory | Spotted B-75 Beast 14092 | -5/Factory | Sucked down chute 14092 | -5/Factory | Entered Waste 14101 | -5/Waste | Spotted C-40 Crusher 14102 | -5/Waste | Spotted C-40 Crusher 14102 | -5/Waste | Spotted C-40 Crusher 14106 | -5/Waste | Spotted C-40 Crusher 14107 | -5/Waste | EMP discharged 14110 | -5/Waste | Spotted C-40 Crusher 14111 | -5/Waste | Discovered new exit (range 10) 14115 | -5/Waste | Identified exit to Factory 14115 | -5/Waste | Entered Factory 14169 | -5/Factory | Build established: Hacker-Scout 14183 | -5/Factory | Repaired Field Propulsion Array 14456 | -5/Factory | Discovered exit to Factory (range 11) 14466 | -5/Factory | Discovered exit to Factory (range 16) 14478 | -5/Factory | Unchained authorized (GL-D0S) 14495 | -5/Factory | Discovered exit to Upper Caves (range 12) 14561 | -5/Factory | Repaired Lgt. Deuterium Engine+ 14623 | -5/Factory | Repaired Hvy. Missile Launcher 14642 | -5/Factory | Discovered exit to Extension (range 15) 14771 | -5/Factory | Fabricated Adv. Surge Thruster (x2) 14832 | -5/Factory | Fabricated Adv. Surge Thruster (x2) 14845 | -5/Factory | Core integrity fell below 50% 14871 | -5/Factory | Central database locked down 14875 | -5/Factory | Lost 4 parts (3n1u) 14898 | -5/Factory | Entered Extension 14921 | -5/Extension | Spotted B-75 Beast 14927 | -5/Extension | Spotted B-75 Beast 14942 | -5/Extension | Discovered new exit (range 16) 14943 | -5/Extension | Discovered exit to Factory (range 15) 14988 | -5/Extension | Identified exit to Cetus 15037 | -5/Extension | Entered Factory 15037 | -4/Factory | Accompanied by 1 ally 15037 | -4/Factory | Evolved 2 slots: Power x1, Utility x1 15038 | -4/Factory | Identified exit to Armory 15102 | -4/Factory | Repaired Adv. Surge Thruster+ 15136 | -4/Factory | Build established: Hacker-Sprinter 15166 | -4/Factory | Repaired Adv. Surge Thruster+ 15211 | -4/Factory | Repaired Hvy. Missile Launcher 15257 | -4/Factory | Repaired Ripper 15259 | -4/Factory | Unchained authorized (GL-D0S) 15305 | -4/Factory | Identified exit to Upper Caves 15305 | -4/Factory | Identified exit to Research 15433 | -4/Factory | Spotted B-86 Titan 15508 | -4/Factory | Destroyed 10 combat bots 15511 | -4/Factory | Lost 3 parts (2p1n) 15537 | -4/Factory | First assault squad dispatched 15586 | -4/Factory | Entered Research 15586 | -3/Research | Evolved 2 slots: Propulsion x1, Utility x1 15588 | -3/Research | Loaded intel: 22 terminal locations 15603 | -3/Research | Lost 3 parts (1n1u1w) 15680 | -3/Research | Identified exit to Research 15696 | -3/Research | Discovered new exit (range 6) 15699 | -3/Research | Identified exit to Testing 15753 | -3/Research | Entered Testing 15753 | -3/Testing | Accompanied by 1 ally 15770 | -3/Testing | Protovariant out of control (PX-KE9DM15J5B) 15770 | -3/Testing | Unleashed a protovariant (PX-KE9DM15J5B) 15887 | -3/Testing | Found Prototype Launcher 15908 | -3/Testing | Identified Tactical Quantum Warhead 15937 | -3/Testing | Fabricated Adv. Surge Thruster (x2) 16023 | -3/Testing | Spotted Investigator 16071 | -3/Testing | Build established: Hacker-Scout 16076 | -3/Testing | Entered Research 16076 | -2/Research | Evolved 2 slots: Propulsion x2 16282 | -2/Research | Unchained authorized (GL-D0S) 16318 | -2/Research | Identified exit to Quarantine 16318 | -2/Research | Identified exit to Access 16326 | -2/Research | Search patrols dispatched 16331 | -2/Research | Spotted B-90 Cyclops 16333 | -2/Research | Entered Quarantine 16360 | -2/Quarantine | Found Alien Artifact 16380 | -2/Quarantine | Spotted Fortress 16390 | -2/Quarantine | Discovered new exit (range 6) 16390 | -2/Quarantine | Discovered new exit (range 7) 16390 | -2/Quarantine | Identified exit to Section 7 16391 | -2/Quarantine | Identified exit to Protoforge 16391 | -2/Quarantine | Entered Section 7 16562 | -2/Section 7 | Spotted B-90 Cyclops 16585 | -2/Section 7 | Spotted Executioner 16596 | -2/Section 7 | Spotted B-99 Colossus 16607 | -2/Section 7 | Found Alien Artifact 16607 | -2/Section 7 | Identified Core Expander 16607 | -2/Section 7 | Installed Core Expander, added new Power slot 16618 | -2/Section 7 | Found Alien Artifact 16618 | -2/Section 7 | Identified LRC Storage 16618 | -2/Section 7 | Installed LRC Storage, increased inventory capacity (+2) 16620 | -2/Section 7 | Found Alien Artifact 16620 | -2/Section 7 | Identified LRC Matter Compressor 16620 | -2/Section 7 | Installed LRC Matter Compressor, increased matter storage capacity (+125) 16633 | -2/Section 7 | Found Alien Artifact 16633 | -2/Section 7 | Identified Core Reset Matrix (x2) 16633 | -2/Section 7 | Used Core Reset Matrix 16637 | -2/Section 7 | Detected hypermatrix surge 16637 | -2/Section 7 | Sensed 16 artifacts in vicinity 16661 | -2/Section 7 | Spotted Executioner 16671 | -2/Section 7 | Integrated with Sigix Exoskeleton 16680 | -2/Section 7 | Spotted Executioner 16691 | -2/Section 7 | Destroyed Executioner 16694 | -2/Section 7 | Found Prototype Processor 16694 | -2/Section 7 | Identified Exp. Targeting Computer 16696 | -2/Section 7 | Found Prototype Processor 16696 | -2/Section 7 | Identified Exp. Core Analyzer 16708 | -2/Section 7 | Destroyed Executioner 16716 | -2/Section 7 | Found Prototype Device 16726 | -2/Section 7 | Spotted Striker 16726 | -2/Section 7 | Spotted Striker 16752 | -2/Section 7 | Spotted Striker 16752 | -2/Section 7 | Spotted Striker 16757 | -2/Section 7 | Found Sigix Shearcannon 16795 | -2/Section 7 | Spotted Executioner 16812 | -2/Section 7 | Discovered exit to Access (range 18) 16812 | -2/Section 7 | Sigix Exoskeleton integrity reduced to 80% 16832 | -2/Section 7 | Crushed by falling debris 16834 | -2/Section 7 | Entered Access 16834 | -1/Access | Evolved 2 slots: Utility x2 16839 | -1/Access | Emitted hypermatrix ping 16844 | -1/Access | Assembled emerged from beneath the floor 16895 | -1/Access | Assembled emerged from beneath the floor 16934 | -1/Access | Assembled emerged from beneath the floor 16966 | -1/Access | Build established: Alien-Sigix 16982 | -1/Access | Energy Cycler disabled 17010 | -1/Access | Found Exp. Core Analyzer 17030 | -1/Access | Discovered new exit (range 18) 17129 | -1/Access | Destroyed 21 combat bots 17171 | -1/Access | Spotted Striker 17172 | -1/Access | Spotted Executioner 17174 | -1/Access | Spotted Striker 17178 | -1/Access | Destroyed Executioner 17182 | -1/Access | Destroyed Striker 17186 | -1/Access | Destroyed Striker 17210 | -1/Access | Spotted Striker 17210 | -1/Access | Spotted Executioner 17210 | -1/Access | Spotted Striker 17211 | -1/Access | Sigix Exoskeleton integrity reduced to 60% 17211 | -1/Access | Destroyed 8 combat bots 17212 | -1/Access | Destroyed Striker 17216 | -1/Access | Destroyed Striker 17218 | -1/Access | Destroyed Executioner 17266 | -1/Access | Spotted Striker 17273 | -1/Access | Destroyed Striker 17279 | -1/Access | Destroyed Striker 17334 | -1/Access | Sigix Exoskeleton integrity reduced to 40% 17358 | -1/Access | Destroyed 31 combat bots 17392 | -1/Access | Destroyed Striker 17394 | -1/Access | Spotted Striker 17394 | -1/Access | Spotted Striker 17394 | -1/Access | Spotted Striker 17398 | -1/Access | Destroyed Striker 17404 | -1/Access | Destroyed Striker 17406 | -1/Access | Destroyed Striker 17422 | -1/Access | Core integrity fell below 50% 17425 | -1/Access | Sigix Exoskeleton integrity reduced to 20% 17454 | -1/Access | Spotted Striker 17454 | -1/Access | Spotted Striker 17454 | *** | Heading to fleet! Last Messages --------------- 17434_ P-80 Master destroyed. 17436_ Quantum Shear penetrates P-80 Master. 17438_ Destroyed Unknown Hover Unit. 17438_ Quantum Shear penetrates P-80 Master. 17438_ P-80 Master destroyed. 17440_ Quantum Shear penetrates G-73 Enforcer. 17444_ System corrupted: Matter fused (-10). 17444_ Quantum Shear penetrates G-73 Enforcer. 17444_ G-73 Enforcer destroyed. 17446_ Acquired 10 matter. 17450_ Quantum Shear penetrates Sealed Heavy Doors. 17452_ Quantum Shear penetrates C-45 Heavy ARC. 17453_ C-45 Heavy ARC bursts open, deploying its payload. 17453_ H-88 Terminator unfolds itself. 17453_ Striker unfolds itself. 17453_ E-15 Imp unfolds itself. 17453_ Slug penetrates Sealed Heavy Doors. 17453_ Penetrated by Slug. [Achievement: Renaissance Bot] [Achievement: On My Own Terms] Map ----- +----------------------------------------------------+ | ???????????????????????????????????????? ### | | ??????????????????????????????????????? ### | | ####????????????????????????????????????? ### | | ####????????????????????????????????????""" ### | | ####???????????????????????????????????"""" ### | | ####??????????????????????????????????""""" ### | | ####???????????????????? ??????????? """"" !### | | #####?????????????? ####???? """"" ### | | #####?????????? ####################### | | ##### ??????###BB###### ####################### | | ##### ?????####BB### #################### | | ##### ??? ######### #################### | | #######?############ #################### | | #################### BB #################### | | #################### BB #################### | | #################### #################### | | #################### #################### | | ####################""""""""""#################### | | ####################""""""""""#################### | | ####################""""""""""#################### | | ####################""""""""""#################### | | #################### ## ################# | | #################### / % # ################## | | #################### !!% % #################### | | ################## # !/*=!= # ##### | | ####################/!!/%X! ####### | | ####################%=!%=== ####### ##### ###+ | | ####################*!%[%%= ####### ##### # | | ####################!=!=*!! ####### ##### # | | ### #####"#*=**! #"##### ##### # " | | ### ###=%=%===[* ; #### ##### # " | | ##" # ##*%/!*e%[%%= ;; #### ##### #""" | | ###! ## =[=%=%=%!*!=! # #### ##### #""" | | ### # [!=*=%[===/!!] ####### ##### # " | | ### # *!%!![*!![[*=*=; ##### ##### # " | | ##" =#!!*![=!=[%=[!!%=*# # ##### # | | ##" = %#%==[[!%h*K!==!!=!#! # ##### # | | "######/#####"##h[%!=K[!!==%!=###""## ##### # | | !=% % % %[!=%/h=!!%%%[==%!%!e%%! ##### # | | %!! ![!%!%[*!=[*=*!=%!%*=*[[*m ##### #### | | """""""""#####=#"=[%==![*=!;"""""######" ### #### | | # ! % !%[%[[%=!%*!!==! ######""### #### | | " "=!#==%*=!*!*"""#"" # ] # # | | # " # !%*** " " # # # | | " = #*## !######## ## # " # | | #"" !!*#### !#!! # #### " " # | | + !! #######! [# #### "" "" # + " | | ### = !! # ###=# # #### """ " " " | | ### " # # #### # # " | | #########+#### # ! # + ## = ! # # | +----------------------------------------------------+ Best States ------------- Heat Dissipation 127 Energy Generation 74 Energy Capacity 600 Matter Stores 425 Matter Capacity 425 Sight Range 16 Robot Scan Range 16 Terrain Scan Range 16 Terrain Scan Density 85 Armor Coverage 600 Resistance: KI 50 Resistance: TH 50 Resistance: EX 50 Resistance: EM 50 Resistance: I 50 Resistance: S 50 Resistance: P 50 Utility Shielding 66 Evasion (%) 81 Targeting Accuracy 12 Target Analysis 12 Core Analysis 12 Recoil Reduction 4 Offensive Hacking 48 Defensive Hacking 20 Authchip Count 3 Trap Extractor Capacity 8 Item Schematics ----------------- None Robot Schematics ------------------ None Fabricated ------------ Cld. VTOL Module | x1 | -6/Factory | Authchip Cld. VTOL Module | x1 | -6/Factory H-55 Commando | x2 | -6/Factory | Preloaded Cld. VTOL Module | x1 | -6/Factory | Authchip Cld. VTOL Module | x1 | -6/Factory Adv. Surge Thruster | x2 | -5/Factory | Authchip Adv. Surge Thruster | x2 | -5/Factory | Authchip Adv. Surge Thruster | x2 | -3/Testing | Authchip Repaired ---------- Lgt. Treads | 13% | -10/Materials Lgt. Cannon | 56% | -10/Materials Lgt. Armor Plating | 66% | -10/Materials Lgt. Treads | 82% | -10/Materials Imp. Datajack | 20% | -6/Factory Cld. VTOL Module | 99% | -6/Factory | Broken Ripper | 30% | -6/Factory Hvy. Missile Launcher | 15% | -6/Factory Cld. VTOL Module | 43% | -6/Factory Cld. VTOL Module | 16% | -5/Factory Cld. VTOL Module | 5% | -5/Factory Cld. VTOL Module | 20% | -5/Factory Field Propulsion Array | 5% | -5/Factory Lgt. Deuterium Engine | 32% | -5/Factory Hvy. Missile Launcher | 15% | -5/Factory Adv. Surge Thruster | 37% | -4/Factory Adv. Surge Thruster | 37% | -4/Factory Hvy. Missile Launcher | 8% | -4/Factory Ripper | 36% | -4/Factory Studied --------- None Alien Tech Used ----------------- Core Expander LRC Storage LRC Matter Compressor Core Reset Matrix Sigix Exoskeleton Sigix Sheargun Sigix Shearcannon Achievements -------------- Consequences Construction Begets Destruction Explosive Keycard Express Service Fitting Room Hornet's Nest I Laugh At Your Crits Insider Info Integration Complete Junior Dev On My Own Terms Professional Mechanic Renaissance Bot Sacrificial Teamwork Sprinter Suspicious Tune-up Challenges ------------ None Game ------ Seed RecyclingMappingGravjet Manual? 0 Play Time 02:57:18 Cumulative 775.4 hours Start 2025.10.23 @ 11:25:01 End 2025.10.24 @ 08:38:27 Sessions 9 Manual Loads 0 Difficulty Rogue Special Mode None Game No. 391 Rogue 391 Adventurer 0 Explorer 0 Win Type 2 Total 64 Types 41/4/6/4/1/1/3/2/1/1 Lore% 92 Gallery% 85 Achievement% 63 Wizard Run 0 Options --------- Layout 0 ASCII 0 Keyboard 1 Movement Numpad Keybinds 0 Fullscreen 2 Font 18/SmallcapsGlow Map View 76x50 Zoom Use 0% Tactical HUD 1 Map Filters NONE Filters NONE Steam 1 RUN: 79bf259d-a8d9-4489-9b74-99d280db1fa1